Workbook

Sheet Bon de commande
B1: ACTYCOM SAS | H1: BON DE COMMANDE ACCES TEL
B2: 18 rue de la Vallée Burault | H2: N° commande :
B3: 86340 NOUAILLÉ-MAUPERTUIS | H3: Date : | I3: 46240
B4: SIREN 910 647 650 | H4: Réf. catalogue : | I4: acces tel gsa
B6: FOURNISSEUR
B7: Raison sociale :
B8: Adresse :
B9: Contact :
B10: N° TVA intracom. :
B12: Livraison à : ACTYCOM SAS – 18 rue de la Vallée Burault – 86340 NOUAILLÉ-MAUPERTUIS
B13: Cellules en jaune : à compléter avant envoi (coordonnées fournisseur, quantités). • Cliquez sur [-] à gauche pour replier chaque marque.
B15: Référence | C15: Code-barres (EAN) | D15: Fichier | E15: Désignation | F15: deee en sus | G15: Prix unitaire HT (€) | H15: Prix public référence TTC (€) | I15: Quantité | J15: Total HT (€)
B16: BASEUS
B17: BC3IN1010683 | C17: 6953156205536 | E17: Baseus cable 3in1 Superior USB - Lightning + USB-C + microUSB 1,5 m 3,5A white | F17: 0.04 | G17: 4.99 | H17: 9.99 | J17: =G17*I17 -> 0
B18: BC3IN1014386 | C18: 6932172679606 | E18: Baseus Ultra-Fast One-for-Three Fast Charging Cable USB-A to M+L+C 3.5A 1.3m Nebula Purple | F18: 0.04 | G18: 4.99 | H18: 9.99 | J18: =G18*I18 -> 0
B19: BC3IN1014387 | C19: 6932172679590 | E19: Baseus Ultra-Fast One-for-Three Fast Charging Cable USB-A to M+L+C 3.5A 0.8m Cosmic Black | F19: 0.04 | G19: 7.42 | H19: 8.9 | J19: =G19*I19 -> 0
B20: BCA007144 | C20: 6953156262553 | E20: Baseus cable audio Yiven M01 USB-C - jack 3,5 mm 1,2 m black | F20: 0.04 | G20: 4.99 | H20: 9.99 | J20: =G20*I20 -> 0
B21: BCA008301 | C21: 6953156257184 | E21: Baseus cable audio Yiven M30 jack 3,5 mm - jack 3,5 mm 1,0 m silver-black | F21: 0.04 | G21: 3.99 | H21: 7.99 | J21: =G21*I21 -> 0
B22: BCL006801 | C22: 6953156253667 | E22: Baseus cable Yiven USB - Lightning 1,8 m 2A black | F22: 0.04 | G22: 3.99 | H22: 7.99 | J22: =G22*I22 -> 0
B23: BCL006957 | C23: 6953156248823 | E23: Baseus cable Yiven USB - Lightning 1,2 m 2A navy blue | F23: 0.04 | G23: 3.99 | H23: 7.99 | J23: =G23*I23 -> 0
B24: BCL010678 | C24: 6953156205413 | E24: Baseus cable Superior USB - Lightning 1,0 m 2,4A white | F24: 0.04 | G24: 3.49 | H24: 6.99 | J24: =G24*I24 -> 0
B25: BCL010679 | C25: 6953156205444 | E25: Baseus cable Superior USB - Lightning 1,5 m 2,4A white | F25: 0.04 | G25: 3.99 | H25: 7.99 | J25: =G25*I25 -> 0
B26: BCL011942 | C26: 6953156205406 | E26: Baseus cable Superior USB - Lightning 1,0 m 2,4A black | F26: 0.04 | G26: 3.49 | H26: 6.99 | J26: =G26*I26 -> 0
B27: BCL011943 | C27: 6953156205437 | E27: Baseus cable Superior USB - Lightning 1,0 m 2,4A red | F27: 0.04 | G27: 3.49 | H27: 6.99 | J27: =G27*I27 -> 0
B28: BCL011944 | C28: 6953156205420 | E28: Baseus cable Superior USB - Lightning 1,0 m 2,4A blue | F28: 0.04 | G28: 3.49 | H28: 6.99 | J28: =G28*I28 -> 0
... B50: BV014394 | C50: 6932172677176 | E50: Baseus PD car charger 1x USB-C - USB port 60W black | F50: 0.04 | G50: 18.99 | H50: 29.99 | J50: =G50*I50 -> 0
B51: Sous-total BASEUS | J51: =SUM(J17:J50) -> 0
B52: QUALO
B53: QUCA001 | C53: 5900495055293 | E53: QUALO laptop case 13.3' gray QPL-13-07 dont 0,04 deee | F53: 0.04 | G53: 6.66 | H53: 9.99 | J53: =G53*I53 -> 0
B54: QUCC001 | C54: 5907457783447 | E54: QUALO Recycling USB-C to USB-C cable 1.5m 3A white QRC-CC-00 dont 0,04 deee | F54: 0.04 | G54: 4.44 | H54: 7.99 | J54: =G54*I54 -> 0
B55: QUCC002 | C55: 5907457783423 | E55: QUALO Recycling USB-A to USB-C cable 1.5m 3A white QRC-AC-00 dont 0,04 deee | F55: 0.04 | G55: 4.44 | H55: 7.99 | J55: =G55*I55 -> 0
B56: QUCC003 | C56: 5907457776081 | E56: QUALO Recycling USB-C/USB-C cable 3A 1m QRC-CC-01 dont 0,04 deee | F56: 0.04 | G56: 4.44 | H56: 7.99 | J56: =G56*I56 -> 0
B57: QUCC004 | C57: 5907457782396 | E57: QUALO USB-C-USB-C glowing cable 1M 3A white/silver QCS-CC-00 dont 0,04 deee | F57: 0.04 | G57: 8.33 | H57: 14.99 | J57: =G57*I57 -> 0
B58: QUCC005 | C58: 5907457782419 | E58: QUALO USB-A-USB-C glowing cable 1M 3A white/silver QCS-AC-00 dont 0,04 deee | F58: 0.04 | G58: 8.33 | H58: 14.99 | J58: =G58*I58 -> 0
B59: QUCC006 | C59: 5907457783393 | E59: QUALO Transparent nylon cable USB-C - USB-C 1.5m 3A green QTCN-CC-04 dont 0,04 deee | F59: 0.04 | G59: 5.55 | H59: 9.99 | J59: =G59*I59 -> 0
B60: QUCC007 | C60: 5907457783409 | E60: QUALO Transparent nylon cable USB-A - USB-C 1.5m 3A green QTCN-AC-04 dont 0,04 deee | F60: 0.04 | G60: 5.55 | H60: 9.99 | J60: =G60*I60 -> 0
B61: QUCC008 | C61: 5907457773080 | E61: QUALO nylon cable USB-C - USB-C 1.5m 3A silver QKN-CC-018 dont 0,04 deee | F61: 0.04 | G61: 5.4 | H61: 9.99 | J61: =G61*I61 -> 0
B62: QUCC009 | C62: 5907457773073 | E62: QUALO nylon cable USB-C - USB-C 1.5m 3A yellow QKN-CC-05 dont 0,04 deee | F62: 0.04 | G62: 5.4 | H62: 9.99 | J62: =G62*I62 -> 0
B63: QUCC010 | C63: 5907457773097 | E63: QUALO nylon cable USB-C - USB-C 1.5m 3A pink QKN-CC-16 dont 0,04 deee | F63: 0.04 | G63: 5.4 | H63: 9.99 | J63: =G63*I63 -> 0
B64: QUCC011 | C64: 5907457773103 | E64: QUALO nylon cable USB-C - USB-C 1.5m 3A mint QKN-CC-21 dont 0,04 deee | F64: 0.04 | G64: 5.4 | H64: 9.99 | J64: =G64*I64 -> 0
... B78: QUWC005 | C78: 5907457783317 | E78: QUALO Transparent inductive charger 15W black QTLI-15-01 dont 0,04 deee | F78: 0.04 | G78: 8.88 | H78: 15.99 | J78: =G78*I78 -> 0
B79: Sous-total QUALO | J79: =SUM(J53:J78) -> 0
B80: SETTY
B81: SA171585 | C81: 5900495094261 | E81: Setty speaker round RGB GB-700 black | F81: 0.04 | G81: 10.6 | H81: 19.99 | J81: =G81*I81 -> 0
B82: SC3IN1043225 | C82: 5900495753304 | E82: Setty Cable 3en1 USB - Lightning + USB-C + microUSB 1,0 m 2A KN3W1-01 noir | F82: 0.04 | G82: 3.29 | H82: 8.99 | J82: =G82*I82 -> 0
B83: SC3IN1109581 | C83: 5900495925626 | E83: Setty 3in1 cable USB - Lightning + USB-C + microUSB 1,0 m 2A black nylon DT | F83: 0.04 | G83: 3.5 | H83: 8.99 | J83: =G83*I83 -> 0 | M83: Setty wall charger USB-A + USB-C 20W LSGaN-AC-200 white NEW
B84: SC3IN1109713 | C84: 5900495926623 | E84: Setty USB magnetic cable 1m 2A nylon black | F84: 0.04 | G84: 3.72 | H84: 9.99 | J84: =G84*I84 -> 0
B85: SCA112227 | C85: 5900495948502 | E85: Setty adapter Lightning - audio jack 3,5mm white | F85: 0.04 | G85: 4.02 | H85: 9.99 | J85: =G85*I85 -> 0
B86: SCL100541 | C86: 5900495842572 | E86: Setty USB Cable 1m 2,4A MFI Lightning white | F86: 0.04 | G86: 4.16 | H86: 9.99 | J86: =G86*I86 -> 0
B87: SCL109583 | C87: 5900495925640 | E87: Setty cable USB - Lightning 3,0 m 2A white NEW | F87: 0.04 | G87: 4.26 | H87: 9.99 | J87: =G87*I87 -> 0
B88: SCL109950 | C88: 5900495928917 | E88: Setty cable USB - Lightning 3,0 m 2A black NEW | F88: 0.04 | G88: 4.26 | H88: 6.99 | J88: =G88*I88 -> 0
B89: SCL165723 | C89: 5900495032966 | E89: Setty cable USB - Lightning 1,5 m 2,1A KSA-L-1.523 blue | F89: 0.04 | G89: 3 | H89: 7.99 | J89: =G89*I89 -> 0
B90: SCL171771 | C90: 5900495201396 | E90: Setty USB-C - Lightning cable 1m 3A KSC-L-130 white | F90: 0.04 | G90: 4.2 | H90: 9.99 | J90: =G90*I90 -> 0
B91: SCL175876 | C91: 4900495608499 | E91: Setty USB-C - Lightning cable 1m 3A KSC-L-131 black deee inclue 0,04 | F91: 0.04 | G91: 4.2 | H91: 11.99 | J91: =G91*I91 -> 0
B92: SCL187248 | C92: 5900495756848 | E92: Setty cable USB - Lightning 1,5 m 2,4A KGA-L-1.52420 white-pink gradient | F92: 0.04 | G92: 2.51 | H92: 6.98 | J92: =G92*I92 -> 0
B93: SCL187249 | C93: 5900495756954 | E93: Setty cable USB - Lightning 1,5 m 2,4A KGA-L-1.52420 mint-white gradient | F93: 0.04 | G93: 2.51 | H93: 6.98 | J93: =G93*I93 -> 0
B94: SCL187250 | C94: 5900495756978 | E94: Setty cable USB - Lightning 1,5 m 2,4A KGA-L-1.52420 turquoise-pink gradient | F94: 0.04 | G94: 2.51 | H94: 6.98 | J94: =G94*I94 -> 0
B95: SCM109585 | C95: 5900495925664 | E95: Setty cable USB - microUSB 3,0 m 2A black NEW | F95: 0.04 | G95: 3.02 | H95: 5.99 | J95: =G95*I95 -> 0
... B161: SVI098228 | C161: 5900495821553 | E161: Setty car holder IUS-01 inductive | F161: 0.04 | G161: 7.71 | H161: 16.99 | J161: =G161*I161 -> 0
B162: Sous-total SETTY | J162: =SUM(J81:J161) -> 0
B163: XO
B164: XCL117356 | C164: 6920680827855 | E164: XO cable NB212 USB - Lightning 1,0 m 2,1A black | F164: 0.04 | G164: 0.8 | H164: 5.99 | J164: =G164*I164 -> 0
B165: XCL117357 | C165: 6920680827848 | E165: XO cable NB212 USB - Lightning 1,0 m 2,1A white | F165: 0.04 | G165: 1.8 | H165: 5.99 | J165: =G165*I165 -> 0
B166: XCL117358 | C166: 6920680827824 | E166: XO cable NB212 USB - Lightning 1,0 m 2,1A green | F166: 0.04 | G166: 1.9 | H166: 6.99 | J166: =G166*I166 -> 0
B167: XCL117359 | C167: 6920680827831 | E167: XO cable NB212 USB - Lightning 1,0 m 2,1A blue | F167: 0.04 | G167: 1.92 | H167: 6.99 | J167: =G167*I167 -> 0
B168: XCL117360 | C168: 6920680827817 | E168: XO cable NB212 USB - Lightning 1,0 m 2,1A pink | F168: 0.04 | G168: 1.92 | H168: 6.99 | J168: =G168*I168 -> 0
B169: XCL180779 | C169: 6920680855001 | E169: XO cable NB-Q265A PD USB-C - Lightning 1,0m 27W black | F169: 0.04 | G169: 1.79 | H169: 6.99 | J169: =G169*I169 -> 0
B170: XCL180780 | C170: 6920680855018 | E170: XO cable NB-Q265A PD USB-C - Lightning 1,0m 27W white | F170: 0.04 | G170: 1.79 | H170: 4.99 | J170: =G170*I170 -> 0
B171: XCM095419 | C171: 6920680862726 | E171: XO cable NB103 USB - microUSB 1,0 m 2,1A black | F171: 0.04 | G171: 1.8 | H171: 3.99 | J171: =G171*I171 -> 0
B172: XCM111864 | C172: 6920680878109 | E172: XO cable NB200 USB - microUSB 1,0m 2.1A black | F172: 0.04 | G172: 1.5 | H172: 2.99 | J172: =G172*I172 -> 0
B173: XCM111865 | C173: 6920680878130 | E173: XO cable NB200 USB - microUSB 1,0m 2.1A white | F173: 0.04 | G173: 1.2 | H173: 2.99 | J173: =G173*I173 -> 0
B174: XCT104073 | C174: 6920680871865 | E174: XO cable NB156 USB - USB-C 1,0 m 2,4A white | F174: 0.04 | G174: 2.06 | H174: 3.99 | J174: =G174*I174 -> 0
B175: XCT104074 | C175: 6920680871872 | E175: XO cable NB156 USB - USB-C 1,0 m 2,4A green | F175: 0.04 | G175: 2.49 | H175: 2.99 | J175: =G175*I175 -> 0
... B195: XT184874 | C195: 6920680858545 | E195: XO transmitter FM BCC17 Bluetooth MP3 car charger 30W black | F195: 0.04 | G195: 5.45 | H195: 16.99 | J195: =G195*I195 -> 0
B196: Sous-total XO | J196: =SUM(J164:J195) -> 0
B198: TOTAL COMMANDE HT | J198: =J196+J162+J79+J51 -> 0
B199: Nombre total d'articles commandés | J199: =SUM(I16:I196) -> 0
B202: Signature et cachet ACTYCOM SAS : | H202: Bon pour accord fournisseur :

Sheet cadart
A1: fichier | B1: Ref | C1: Libelle Article | D1: Libelle Article | E1: GENCOD | F1: CDT | G1: Minimum commande | H1: Unite de Mesure | I1: poids | J1: DEEE | K1: Prix Tarif Brut | L1: Remise(%) | M1: Prix Tarif Net | N1: TVA | O1: PRIX DE VENTE | Q1: A | R1: B | S1: C | T1: D
A2: ='Bon de commande'!D17 -> 0 | B2: ='Bon de commande'!B17 -> BC3IN1010683 | C2: ='Bon de commande'!E17 -> Baseus cable 3in1 Superior USB - Lightning + USB-C + microUSB 1,5 m 3,5A white | D2: ='Bon de commande'!E17 -> Baseus cable 3in1 Superior USB - Lightning + USB-C + microUSB 1,5 m 3,5A white | E2: ='Bon de commande'!C17 -> 6953156205536 | F2: 1 | G2: 1 | H2: P | I2: 1 | J2: ='Bon de commande'!F17 -> 0.04 | K2: ='Bon de commande'!G17+'Bon de commande'!F17 -> 5.03 | M2: ='Bon de commande'!G17+'Bon de commande'!F17 -> 5.03 | N2: 20 | O2: ='Bon de commande'!H17 -> 9.99 | Q2: 60 | R2: 62 | S2: 6230 | T2: 1
A3: ='Bon de commande'!D18 -> 0 | B3: ='Bon de commande'!B18 -> BC3IN1014386 | C3: ='Bon de commande'!E18 -> Baseus Ultra-Fast One-for-Three Fast Charging Cable USB-A to M+L+C 3.5A 1.3m Nebula Purple | D3: ='Bon de commande'!E18 -> Baseus Ultra-Fast One-for-Three Fast Charging Cable USB-A to M+L+C 3.5A 1.3m Nebula Purple | E3: ='Bon de commande'!C18 -> 6932172679606 | F3: 1 | G3: 1 | H3: P | I3: 1 | J3: ='Bon de commande'!F18 -> 0.04 | K3: ='Bon de commande'!G18+'Bon de commande'!F18 -> 5.03 | M3: ='Bon de commande'!G18+'Bon de commande'!F18 -> 5.03 | N3: 20 | O3: ='Bon de commande'!H18 -> 9.99 | Q3: 60 | R3: 62 | S3: 6230 | T3: 1
A4: ='Bon de commande'!D19 -> 0 | B4: ='Bon de commande'!B19 -> BC3IN1014387 | C4: ='Bon de commande'!E19 -> Baseus Ultra-Fast One-for-Three Fast Charging Cable USB-A to M+L+C 3.5A 0.8m Cosmic Black | D4: ='Bon de commande'!E19 -> Baseus Ultra-Fast One-for-Three Fast Charging Cable USB-A to M+L+C 3.5A 0.8m Cosmic Black | E4: ='Bon de commande'!C19 -> 6932172679590 | F4: 1 | G4: 1 | H4: P | I4: 1 | J4: ='Bon de commande'!F19 -> 0.04 | K4: ='Bon de commande'!G19+'Bon de commande'!F19 -> 7.46 | M4: ='Bon de commande'!G19+'Bon de commande'!F19 -> 7.46 | N4: 20 | O4: ='Bon de commande'!H19 -> 8.9 | Q4: 60 | R4: 62 | S4: 6230 | T4: 1
A5: ='Bon de commande'!D20 -> 0 | B5: ='Bon de commande'!B20 -> BCA007144 | C5: ='Bon de commande'!E20 -> Baseus cable audio Yiven M01 USB-C - jack 3,5 mm 1,2 m black | D5: ='Bon de commande'!E20 -> Baseus cable audio Yiven M01 USB-C - jack 3,5 mm 1,2 m black | E5: ='Bon de commande'!C20 -> 6953156262553 | F5: 1 | G5: 1 | H5: P | I5: 1 | J5: ='Bon de commande'!F20 -> 0.04 | K5: ='Bon de commande'!G20+'Bon de commande'!F20 -> 5.03 | M5: ='Bon de commande'!G20+'Bon de commande'!F20 -> 5.03 | N5: 20 | O5: ='Bon de commande'!H20 -> 9.99 | Q5: A | R5: B | S5: C | T5: D
A6: ='Bon de commande'!D21 -> 0 | B6: ='Bon de commande'!B21 -> BCA008301 | C6: ='Bon de commande'!E21 -> Baseus cable audio Yiven M30 jack 3,5 mm - jack 3,5 mm 1,0 m silver-black | D6: ='Bon de commande'!E21 -> Baseus cable audio Yiven M30 jack 3,5 mm - jack 3,5 mm 1,0 m silver-black | E6: ='Bon de commande'!C21 -> 6953156257184 | F6: 1 | G6: 1 | H6: P | I6: 1 | J6: ='Bon de commande'!F21 -> 0.04 | K6: ='Bon de commande'!G21+'Bon de commande'!F21 -> 4.03 | M6: ='Bon de commande'!G21+'Bon de commande'!F21 -> 4.03 | N6: 20 | O6: ='Bon de commande'!H21 -> 7.99 | Q6: 60 | R6: 62 | S6: 6230 | T6: 1
A7: ='Bon de commande'!D22 -> 0 | B7: ='Bon de commande'!B22 -> BCL006801 | C7: ='Bon de commande'!E22 -> Baseus cable Yiven USB - Lightning 1,8 m 2A black | D7: ='Bon de commande'!E22 -> Baseus cable Yiven USB - Lightning 1,8 m 2A black | E7: ='Bon de commande'!C22 -> 6953156253667 | F7: 1 | G7: 1 | H7: P | I7: 1 | J7: ='Bon de commande'!F22 -> 0.04 | K7: ='Bon de commande'!G22+'Bon de commande'!F22 -> 4.03 | M7: ='Bon de commande'!G22+'Bon de commande'!F22 -> 4.03 | N7: 20 | O7: ='Bon de commande'!H22 -> 7.99 | Q7: 60 | R7: 62 | S7: 6230 | T7: 1
A8: ='Bon de commande'!D23 -> 0 | B8: ='Bon de commande'!B23 -> BCL006957 | C8: ='Bon de commande'!E23 -> Baseus cable Yiven USB - Lightning 1,2 m 2A navy blue | D8: ='Bon de commande'!E23 -> Baseus cable Yiven USB - Lightning 1,2 m 2A navy blue | E8: ='Bon de commande'!C23 -> 6953156248823 | F8: 1 | G8: 1 | H8: P | I8: 1 | J8: ='Bon de commande'!F23 -> 0.04 | K8: ='Bon de commande'!G23+'Bon de commande'!F23 -> 4.03 | M8: ='Bon de commande'!G23+'Bon de commande'!F23 -> 4.03 | N8: 20 | O8: ='Bon de commande'!H23 -> 7.99 | Q8: 60 | R8: 62 | S8: 6230 | T8: 1
A9: ='Bon de commande'!D24 -> 0 | B9: ='Bon de commande'!B24 -> BCL010678 | C9: ='Bon de commande'!E24 -> Baseus cable Superior USB - Lightning 1,0 m 2,4A white | D9: ='Bon de commande'!E24 -> Baseus cable Superior USB - Lightning 1,0 m 2,4A white | E9: ='Bon de commande'!C24 -> 6953156205413 | F9: 1 | G9: 1 | H9: P | I9: 1 | J9: ='Bon de commande'!F24 -> 0.04 | K9: ='Bon de commande'!G24+'Bon de commande'!F24 -> 3.53 | M9: ='Bon de commande'!G24+'Bon de commande'!F24 -> 3.53 | N9: 20 | O9: ='Bon de commande'!H24 -> 6.99 | Q9: A | R9: B | S9: C | T9: D
A10: ='Bon de commande'!D25 -> 0 | B10: ='Bon de commande'!B25 -> BCL010679 | C10: ='Bon de commande'!E25 -> Baseus cable Superior USB - Lightning 1,5 m 2,4A white | D10: ='Bon de commande'!E25 -> Baseus cable Superior USB - Lightning 1,5 m 2,4A white | E10: ='Bon de commande'!C25 -> 6953156205444 | F10: 1 | G10: 1 | H10: P | I10: 1 | J10: ='Bon de commande'!F25 -> 0.04 | K10: ='Bon de commande'!G25+'Bon de commande'!F25 -> 4.03 | M10: ='Bon de commande'!G25+'Bon de commande'!F25 -> 4.03 | N10: 20 | O10: ='Bon de commande'!H25 -> 7.99 | Q10: 60 | R10: 62 | S10: 6230 | T10: 1
A11: ='Bon de commande'!D26 -> 0 | B11: ='Bon de commande'!B26 -> BCL011942 | C11: ='Bon de commande'!E26 -> Baseus cable Superior USB - Lightning 1,0 m 2,4A black | D11: ='Bon de commande'!E26 -> Baseus cable Superior USB - Lightning 1,0 m 2,4A black | E11: ='Bon de commande'!C26 -> 6953156205406 | F11: 1 | G11: 1 | H11: P | I11: 1 | J11: ='Bon de commande'!F26 -> 0.04 | K11: ='Bon de commande'!G26+'Bon de commande'!F26 -> 3.53 | M11: ='Bon de commande'!G26+'Bon de commande'!F26 -> 3.53 | N11: 20 | O11: ='Bon de commande'!H26 -> 6.99 | Q11: 60 | R11: 62 | S11: 6230 | T11: 1
A12: ='Bon de commande'!D27 -> 0 | B12: ='Bon de commande'!B27 -> BCL011943 | C12: ='Bon de commande'!E27 -> Baseus cable Superior USB - Lightning 1,0 m 2,4A red | D12: ='Bon de commande'!E27 -> Baseus cable Superior USB - Lightning 1,0 m 2,4A red | E12: ='Bon de commande'!C27 -> 6953156205437 | F12: 1 | G12: 1 | H12: P | I12: 1 | J12: ='Bon de commande'!F27 -> 0.04 | K12: ='Bon de commande'!G27+'Bon de commande'!F27 -> 3.53 | M12: ='Bon de commande'!G27+'Bon de commande'!F27 -> 3.53 | N12: 20 | O12: ='Bon de commande'!H27 -> 6.99 | Q12: 60 | R12: 62 | S12: 6230 | T12: 1
A13: ='Bon de commande'!D28 -> 0 | B13: ='Bon de commande'!B28 -> BCL011944 | C13: ='Bon de commande'!E28 -> Baseus cable Superior USB - Lightning 1,0 m 2,4A blue | D13: ='Bon de commande'!E28 -> Baseus cable Superior USB - Lightning 1,0 m 2,4A blue | E13: ='Bon de commande'!C28 -> 6953156205420 | F13: 1 | G13: 1 | H13: P | I13: 1 | J13: ='Bon de commande'!F28 -> 0.04 | K13: ='Bon de commande'!G28+'Bon de commande'!F28 -> 3.53 | M13: ='Bon de commande'!G28+'Bon de commande'!F28 -> 3.53 | N13: 20 | O13: ='Bon de commande'!H28 -> 6.99 | Q13: A | R13: B | S13: C | T13: D
A14: ='Bon de commande'!D29 -> 0 | B14: ='Bon de commande'!B29 -> BCL012077 | C14: ='Bon de commande'!E29 -> Baseus cable Crystal Shine USB - Lightning 1,2 m 2,4A purple | D14: ='Bon de commande'!E29 -> Baseus cable Crystal Shine USB - Lightning 1,2 m 2,4A purple | E14: ='Bon de commande'!C29 -> 6932172602703 | F14: 1 | G14: 1 | H14: P | I14: 1 | J14: ='Bon de commande'!F29 -> 0.04 | K14: ='Bon de commande'!G29+'Bon de commande'!F29 -> 4.03 | M14: ='Bon de commande'!G29+'Bon de commande'!F29 -> 4.03 | N14: 20 | O14: ='Bon de commande'!H29 -> 7.99 | Q14: 60 | R14: 62 | S14: 6230 | T14: 1
A15: ='Bon de commande'!D30 -> 0 | B15: ='Bon de commande'!B30 -> BCT006959 | C15: ='Bon de commande'!E30 -> Baseus cable Cafule USB - USB-C 0,5 m 3A red | D15: ='Bon de commande'!E30 -> Baseus cable Cafule USB - USB-C 0,5 m 3A red | E15: ='Bon de commande'!C30 -> 6953156278165 | F15: 1 | G15: 1 | H15: P | I15: 1 | J15: ='Bon de commande'!F30 -> 0.04 | K15: ='Bon de commande'!G30+'Bon de commande'!F30 -> 4.53 | M15: ='Bon de commande'!G30+'Bon de commande'!F30 -> 4.53 | N15: 20 | O15: ='Bon de commande'!H30 -> 8.99 | Q15: 60 | R15: 62 | S15: 6230 | T15: 1
A16: ='Bon de commande'!D31 -> 0 | B16: ='Bon de commande'!B31 -> BCT00719 | C16: ='Bon de commande'!E31 -> Baseus cable Cafule HW QC USB - USB-C 1,0 m gray-black 40W | D16: ='Bon de commande'!E31 -> Baseus cable Cafule HW QC USB - USB-C 1,0 m gray-black 40W | E16: ='Bon de commande'!C31 -> 6953156293564 | F16: 1 | G16: 1 | H16: P | I16: 1 | J16: ='Bon de commande'!F31 -> 0.04 | K16: ='Bon de commande'!G31+'Bon de commande'!F31 -> 4.53 | M16: ='Bon de commande'!G31+'Bon de commande'!F31 -> 4.53 | N16: 20 | O16: ='Bon de commande'!H31 -> 8.99 | Q16: 60 | R16: 62 | S16: 6230 | T16: 1
A17: ='Bon de commande'!D32 -> 0 | B17: ='Bon de commande'!B32 -> BCT010682 | C17: ='Bon de commande'!E32 -> Baseus cable Superior USB - USB-C 2,0 m white 66W | D17: ='Bon de commande'!E32 -> Baseus cable Superior USB - USB-C 2,0 m white 66W | E17: ='Bon de commande'!C32 -> 6953156205529 | F17: 1 | G17: 1 | H17: P | I17: 1 | J17: ='Bon de commande'!F32 -> 0.04 | K17: ='Bon de commande'!G32+'Bon de commande'!F32 -> 5.03 | M17: ='Bon de commande'!G32+'Bon de commande'!F32 -> 5.03 | N17: 20 | O17: ='Bon de commande'!H32 -> 9.99 | Q17: A | R17: B | S17: C | T17: D
A18: ='Bon de commande'!D33 -> 0 | B18: ='Bon de commande'!B33 -> BCT010728 | C18: ='Bon de commande'!E33 -> Baseus cable Cafule PD USB-C - USB-C 1,0 m red-black 60W | D18: ='Bon de commande'!E33 -> Baseus cable Cafule PD USB-C - USB-C 1,0 m red-black 60W | E18: ='Bon de commande'!C33 -> 6953156285217 | F18: 1 | G18: 1 | H18: P | I18: 1 | J18: ='Bon de commande'!F33 -> 0.04 | K18: ='Bon de commande'!G33+'Bon de commande'!F33 -> 4.53 | M18: ='Bon de commande'!G33+'Bon de commande'!F33 -> 4.53 | N18: 20 | O18: ='Bon de commande'!H33 -> 8.99 | Q18: 60 | R18: 62 | S18: 6230 | T18: 1
A19: ='Bon de commande'!D34 -> 0 | B19: ='Bon de commande'!B34 -> BCT011820 | C19: ='Bon de commande'!E34 -> Baseus cable Cafule PD USB-C - USB-C 2,0 m red-black 60W | D19: ='Bon de commande'!E34 -> Baseus cable Cafule PD USB-C - USB-C 2,0 m red-black 60W | E19: ='Bon de commande'!C34 -> 6953156285248 | F19: 1 | G19: 1 | H19: P | I19: 1 | J19: ='Bon de commande'!F34 -> 0.04 | K19: ='Bon de commande'!G34+'Bon de commande'!F34 -> 4.96 | M19: ='Bon de commande'!G34+'Bon de commande'!F34 -> 4.96 | N19: 20 | O19: ='Bon de commande'!H34 -> 9.9 | Q19: 60 | R19: 62 | S19: 6230 | T19: 1
A20: ='Bon de commande'!D35 -> 0 | B20: ='Bon de commande'!B35 -> BCT012635 | C20: ='Bon de commande'!E35 -> Baseus cable Simple Wisdom USB - USB-C 1,5 m 5A white 2 pcs | D20: ='Bon de commande'!E35 -> Baseus cable Simple Wisdom USB - USB-C 1,5 m 5A white 2 pcs | E20: ='Bon de commande'!C35 -> 6953156230309 | F20: 1 | G20: 1 | H20: P | I20: 1 | J20: ='Bon de commande'!F35 -> 0.04 | K20: ='Bon de commande'!G35+'Bon de commande'!F35 -> 5.03 | M20: ='Bon de commande'!G35+'Bon de commande'!F35 -> 5.03 | N20: 20 | O20: ='Bon de commande'!H35 -> 9.99 | Q20: 60 | R20: 62 | S20: 6230 | T20: 1
A21: ='Bon de commande'!D36 -> 0 | B21: ='Bon de commande'!B36 -> BCT013008 | C21: ='Bon de commande'!E36 -> Baseus cable Cafule PD 2.0 USB-C - USB-C 1,0m 3A red 60W | D21: ='Bon de commande'!E36 -> Baseus cable Cafule PD 2.0 USB-C - USB-C 1,0m 3A red 60W | E21: ='Bon de commande'!C36 -> 6953156285194 | F21: 1 | G21: 1 | H21: P | I21: 1 | J21: ='Bon de commande'!F36 -> 0.04 | K21: ='Bon de commande'!G36+'Bon de commande'!F36 -> 4.53 | M21: ='Bon de commande'!G36+'Bon de commande'!F36 -> 4.53 | N21: 20 | O21: ='Bon de commande'!H36 -> 8.99 | Q21: A | R21: B | S21: C | T21: D
A22: ='Bon de commande'!D37 -> 0 | B22: ='Bon de commande'!B37 -> BCT013010 | C22: ='Bon de commande'!E37 -> Baseus cable Cafule PD 2.0 USB-C - USB-C 2,0m 3A red 60W | D22: ='Bon de commande'!E37 -> Baseus cable Cafule PD 2.0 USB-C - USB-C 2,0m 3A red 60W | E22: ='Bon de commande'!C37 -> 6953156285224 | F22: 1 | G22: 1 | H22: P | I22: 1 | J22: ='Bon de commande'!F37 -> 0.04 | K22: ='Bon de commande'!G37+'Bon de commande'!F37 -> 5.03 | M22: ='Bon de commande'!G37+'Bon de commande'!F37 -> 5.03 | N22: 20 | O22: ='Bon de commande'!H37 -> 9.99 | Q22: 60 | R22: 62 | S22: 6230 | T22: 1
A23: ='Bon de commande'!D38 -> 0 | B23: ='Bon de commande'!B38 -> BCT013186 | C23: ='Bon de commande'!E38 -> Baseus cable Superior USB - USB-C 2,0m black 66W | D23: ='Bon de commande'!E38 -> Baseus cable Superior USB - USB-C 2,0m black 66W | E23: ='Bon de commande'!C38 -> 6953156205512 | F23: 1 | G23: 1 | H23: P | I23: 1 | J23: ='Bon de commande'!F38 -> 0.04 | K23: ='Bon de commande'!G38+'Bon de commande'!F38 -> 8.29 | M23: ='Bon de commande'!G38+'Bon de commande'!F38 -> 8.29 | N23: 20 | O23: ='Bon de commande'!H38 -> 9.9 | Q23: 60 | R23: 62 | S23: 6230 | T23: 1
A24: ='Bon de commande'!D39 -> 0 | B24: ='Bon de commande'!B39 -> BCT014050 | C24: ='Bon de commande'!E39 -> Baseus Superior Series 2 Fast Charging Data Cable Type-C to Type-C 30W 1m Moon White | D24: ='Bon de commande'!E39 -> Baseus Superior Series 2 Fast Charging Data Cable Type-C to Type-C 30W 1m Moon White | E24: ='Bon de commande'!C39 -> 6932172648800 | F24: 1 | G24: 1 | H24: P | I24: 1 | J24: ='Bon de commande'!F39 -> 0.04 | K24: ='Bon de commande'!G39+'Bon de commande'!F39 -> 4.53 | M24: ='Bon de commande'!G39+'Bon de commande'!F39 -> 4.53 | N24: 20 | O24: ='Bon de commande'!H39 -> 8.99 | Q24: 60 | R24: 62 | S24: 6230 | T24: 1
A25: ='Bon de commande'!D40 -> 0 | B25: ='Bon de commande'!B40 -> BCT014051 | C25: ='Bon de commande'!E40 -> Baseus Superior Series 2 Fast Charging Data Cable Type-C to Type-C 30W 2m Moon White | D25: ='Bon de commande'!E40 -> Baseus Superior Series 2 Fast Charging Data Cable Type-C to Type-C 30W 2m Moon White | E25: ='Bon de commande'!C40 -> 6932172648794 | F25: 1 | G25: 1 | H25: P | I25: 1 | J25: ='Bon de commande'!F40 -> 0.04 | K25: ='Bon de commande'!G40+'Bon de commande'!F40 -> 5.03 | M25: ='Bon de commande'!G40+'Bon de commande'!F40 -> 5.03 | N25: 20 | O25: ='Bon de commande'!H40 -> 9.99 | Q25: A | R25: B | S25: C | T25: D
A26: ='Bon de commande'!D41 -> 0 | B26: ='Bon de commande'!B41 -> BH010741 | C26: ='Bon de commande'!E41 -> Adaptateur Baseus HUB Square USB 3.0 vers 4x USB noir dont 0,02 deee | D26: ='Bon de commande'!E41 -> Adaptateur Baseus HUB Square USB 3.0 vers 4x USB noir dont 0,02 deee | E26: ='Bon de commande'!C41 -> 6953156297104 | F26: 1 | G26: 1 | H26: P | I26: 1 | J26: ='Bon de commande'!F41 -> 0.04 | K26: ='Bon de commande'!G41+'Bon de commande'!F41 -> 7.59 | M26: ='Bon de commande'!G41+'Bon de commande'!F41 -> 7.59 | N26: 20 | O26: ='Bon de commande'!H41 -> 19.99 | Q26: 60 | R26: 62 | S26: 6230 | T26: 1
A27: ='Bon de commande'!D42 -> 0 | B27: ='Bon de commande'!B42 -> BH011044 | C27: ='Bon de commande'!E42 -> Baseus car charger Share Together 2in1 PD 120W 2x USB 2x USB-C gray | D27: ='Bon de commande'!E42 -> Baseus car charger Share Together 2in1 PD 120W 2x USB 2x USB-C gray | E27: ='Bon de commande'!C42 -> 6953156206670 | F27: 1 | G27: 1 | H27: P | I27: 1 | J27: ='Bon de commande'!F42 -> 0.04 | K27: ='Bon de commande'!G42+'Bon de commande'!F42 -> 19.03 | M27: ='Bon de commande'!G42+'Bon de commande'!F42 -> 19.03 | N27: 20 | O27: ='Bon de commande'!H42 -> 29.99 | Q27: 60 | R27: 62 | S27: 6230 | T27: 1
A28: ='Bon de commande'!D43 -> 0 | B28: ='Bon de commande'!B43 -> BH011930 | C28: ='Bon de commande'!E43 -> Adaptateur Baseus HUB Lite USB-C vers 4x USB 3.0 2.0m blanc dont 0,02 deee | D28: ='Bon de commande'!E43 -> Adaptateur Baseus HUB Lite USB-C vers 4x USB 3.0 2.0m blanc dont 0,02 deee | E28: ='Bon de commande'!C43 -> 6932172606299 | F28: 1 | G28: 1 | H28: P | I28: 1 | J28: ='Bon de commande'!F43 -> 0.04 | K28: ='Bon de commande'!G43+'Bon de commande'!F43 -> 16.14 | M28: ='Bon de commande'!G43+'Bon de commande'!F43 -> 16.14 | N28: 20 | O28: ='Bon de commande'!H43 -> 29.99 | Q28: 60 | R28: 62 | S28: 6230 | T28: 1
A29: ='Bon de commande'!D44 -> 0 | B29: ='Bon de commande'!B44 -> BH012055 | C29: ='Bon de commande'!E44 -> Adaptateur Baseus HUB Lite USB-C vers 4x USB 3.0 2.0m noir dont 0,02deee | D29: ='Bon de commande'!E44 -> Adaptateur Baseus HUB Lite USB-C vers 4x USB 3.0 2.0m noir dont 0,02deee | E29: ='Bon de commande'!C44 -> 6932172606282 | F29: 1 | G29: 1 | H29: P | I29: 1 | J29: ='Bon de commande'!F44 -> 0.04 | K29: ='Bon de commande'!G44+'Bon de commande'!F44 -> 15.14 | M29: ='Bon de commande'!G44+'Bon de commande'!F44 -> 15.14 | N29: 20 | O29: ='Bon de commande'!H44 -> 29.99 | Q29: A | R29: B | S29: C | T29: D
A30: ='Bon de commande'!D45 -> 0 | B30: ='Bon de commande'!B45 -> BM010568 | C30: ='Bon de commande'!E45 -> Baseus wall charger Super Si PD 20W 1x USB-C black | D30: ='Bon de commande'!E45 -> Baseus wall charger Super Si PD 20W 1x USB-C black | E30: ='Bon de commande'!C45 -> 6953156229990 | F30: 1 | G30: 1 | H30: P | I30: 1 | J30: ='Bon de commande'!F45 -> 0.04 | K30: ='Bon de commande'!G45+'Bon de commande'!F45 -> 9.03 | M30: ='Bon de commande'!G45+'Bon de commande'!F45 -> 9.03 | N30: 20 | O30: ='Bon de commande'!H45 -> 14.99 | Q30: 60 | R30: 62 | S30: 6230 | T30: 1
A31: ='Bon de commande'!D46 -> 0 | B31: ='Bon de commande'!B46 -> BM010569 | C31: ='Bon de commande'!E46 -> Baseus wall charger Super Si PD 20W 1x USB-C white | D31: ='Bon de commande'!E46 -> Baseus wall charger Super Si PD 20W 1x USB-C white | E31: ='Bon de commande'!C46 -> 6953156230002 | F31: 1 | G31: 1 | H31: P | I31: 1 | J31: ='Bon de commande'!F46 -> 0.04 | K31: ='Bon de commande'!G46+'Bon de commande'!F46 -> 8.03 | M31: ='Bon de commande'!G46+'Bon de commande'!F46 -> 8.03 | N31: 20 | O31: ='Bon de commande'!H46 -> 12.99 | Q31: 60 | R31: 62 | S31: 6230 | T31: 1
A32: ='Bon de commande'!D47 -> 0 | B32: ='Bon de commande'!B47 -> BM010745 | C32: ='Bon de commande'!E47 -> Baseus wall charger Super Si PD 25W 1x USBC black + USB-C - USB-C cable | D32: ='Bon de commande'!E47 -> Baseus wall charger Super Si PD 25W 1x USBC black + USB-C - USB-C cable | E32: ='Bon de commande'!C47 -> 6953156206021 | F32: 1 | G32: 1 | H32: P | I32: 1 | J32: ='Bon de commande'!F47 -> 0.04 | K32: ='Bon de commande'!G47+'Bon de commande'!F47 -> 11.03 | M32: ='Bon de commande'!G47+'Bon de commande'!F47 -> 11.03 | N32: 20 | O32: ='Bon de commande'!H47 -> 17.99 | Q32: 60 | R32: 62 | S32: 6230 | T32: 1
A33: ='Bon de commande'!D48 -> 0 | B33: ='Bon de commande'!B48 -> BM011033 | C33: ='Bon de commande'!E48 -> Baseus wall charger Compact PD 20W 1x USB-C 1x USB black | D33: ='Bon de commande'!E48 -> Baseus wall charger Compact PD 20W 1x USB-C 1x USB black | E33: ='Bon de commande'!C48 -> 6953156207233 | F33: 1 | G33: 1 | H33: P | I33: 1 | J33: ='Bon de commande'!F48 -> 0.04 | K33: ='Bon de commande'!G48+'Bon de commande'!F48 -> 9.03 | M33: ='Bon de commande'!G48+'Bon de commande'!F48 -> 9.03 | N33: 20 | O33: ='Bon de commande'!H48 -> 14.99 | Q33: A | R33: B | S33: C | T33: D
A34: ='Bon de commande'!D49 -> 0 | B34: ='Bon de commande'!B49 -> BV008234 | C34: ='Bon de commande'!E49 -> Baseus Circular Plastic QC 3.0 PD car charger 1x USB-C - USB port 30W black | D34: ='Bon de commande'!E49 -> Baseus Circular Plastic QC 3.0 PD car charger 1x USB-C - USB port 30W black | E34: ='Bon de commande'!C49 -> 6953156286535 | F34: 1 | G34: 1 | H34: P | I34: 1 | J34: ='Bon de commande'!F49 -> 0.04 | K34: ='Bon de commande'!G49+'Bon de commande'!F49 -> 7.03 | M34: ='Bon de commande'!G49+'Bon de commande'!F49 -> 7.03 | N34: 20 | O34: ='Bon de commande'!H49 -> 11.99 | Q34: 60 | R34: 62 | S34: 6230 | T34: 1
A35: ='Bon de commande'!D50 -> 0 | B35: ='Bon de commande'!B50 -> BV014394 | C35: ='Bon de commande'!E50 -> Baseus PD car charger 1x USB-C - USB port 60W black | D35: ='Bon de commande'!E50 -> Baseus PD car charger 1x USB-C - USB port 60W black | E35: ='Bon de commande'!C50 -> 6932172677176 | F35: 1 | G35: 1 | H35: P | I35: 1 | J35: ='Bon de commande'!F50 -> 0.04 | K35: ='Bon de commande'!G50+'Bon de commande'!F50 -> 19.03 | M35: ='Bon de commande'!G50+'Bon de commande'!F50 -> 19.03 | N35: 20 | O35: ='Bon de commande'!H50 -> 29.99 | Q35: 60 | R35: 62 | S35: 6230 | T35: 1
A36: ='Bon de commande'!D51 -> 0 | B36: ='Bon de commande'!B51 -> Sous-total BASEUS | C36: ='Bon de commande'!E51 -> 0 | D36: ='Bon de commande'!E51 -> 0 | E36: ='Bon de commande'!C51 -> 0 | F36: 1 | G36: 1 | H36: P | I36: 1 | J36: ='Bon de commande'!F51 -> 0 | K36: ='Bon de commande'!G51+'Bon de commande'!F51 -> 0 | M36: ='Bon de commande'!G51+'Bon de commande'!F51 -> 0 | N36: 20 | O36: ='Bon de commande'!H51 -> 0 | Q36: 60 | R36: 62 | S36: 6230 | T36: 1
A37: ='Bon de commande'!D52 -> 0 | B37: ='Bon de commande'!B52 -> QUALO | C37: ='Bon de commande'!E52 -> 0 | D37: ='Bon de commande'!E52 -> 0 | E37: ='Bon de commande'!C52 -> 0 | F37: 1 | G37: 1 | H37: P | I37: 1 | J37: ='Bon de commande'!F52 -> 0 | K37: ='Bon de commande'!G52+'Bon de commande'!F52 -> 0 | M37: ='Bon de commande'!G52+'Bon de commande'!F52 -> 0 | N37: 20 | O37: ='Bon de commande'!H52 -> 0 | Q37: A | R37: B | S37: C | T37: D
A38: ='Bon de commande'!D53 -> 0 | B38: ='Bon de commande'!B53 -> QUCA001 | C38: ='Bon de commande'!E53 -> QUALO laptop case 13.3' gray QPL-13-07 dont 0,04 deee | D38: ='Bon de commande'!E53 -> QUALO laptop case 13.3' gray QPL-13-07 dont 0,04 deee | E38: ='Bon de commande'!C53 -> 5900495055293 | F38: 1 | G38: 1 | H38: P | I38: 1 | J38: ='Bon de commande'!F53 -> 0.04 | K38: ='Bon de commande'!G53+'Bon de commande'!F53 -> 6.7 | M38: ='Bon de commande'!G53+'Bon de commande'!F53 -> 6.7 | N38: 20 | O38: ='Bon de commande'!H53 -> 9.99 | Q38: 60 | R38: 62 | S38: 6230 | T38: 1
A39: ='Bon de commande'!D54 -> 0 | B39: ='Bon de commande'!B54 -> QUCC001 | C39: ='Bon de commande'!E54 -> QUALO Recycling USB-C to USB-C cable 1.5m 3A white QRC-CC-00 dont 0,04 deee | D39: ='Bon de commande'!E54 -> QUALO Recycling USB-C to USB-C cable 1.5m 3A white QRC-CC-00 dont 0,04 deee | E39: ='Bon de commande'!C54 -> 5907457783447 | F39: 1 | G39: 1 | H39: P | I39: 1 | J39: ='Bon de commande'!F54 -> 0.04 | K39: ='Bon de commande'!G54+'Bon de commande'!F54 -> 4.48 | M39: ='Bon de commande'!G54+'Bon de commande'!F54 -> 4.48 | N39: 20 | O39: ='Bon de commande'!H54 -> 7.99 | Q39: 60 | R39: 62 | S39: 6230 | T39: 1
A40: ='Bon de commande'!D55 -> 0 | B40: ='Bon de commande'!B55 -> QUCC002 | C40: ='Bon de commande'!E55 -> QUALO Recycling USB-A to USB-C cable 1.5m 3A white QRC-AC-00 dont 0,04 deee | D40: ='Bon de commande'!E55 -> QUALO Recycling USB-A to USB-C cable 1.5m 3A white QRC-AC-00 dont 0,04 deee | E40: ='Bon de commande'!C55 -> 5907457783423 | F40: 1 | G40: 1 | H40: P | I40: 1 | J40: ='Bon de commande'!F55 -> 0.04 | K40: ='Bon de commande'!G55+'Bon de commande'!F55 -> 4.48 | M40: ='Bon de commande'!G55+'Bon de commande'!F55 -> 4.48 | N40: 20 | O40: ='Bon de commande'!H55 -> 7.99 | Q40: 60 | R40: 62 | S40: 6230 | T40: 1
A41: ='Bon de commande'!D56 -> 0 | B41: ='Bon de commande'!B56 -> QUCC003 | C41: ='Bon de commande'!E56 -> QUALO Recycling USB-C/USB-C cable 3A 1m QRC-CC-01 dont 0,04 deee | D41: ='Bon de commande'!E56 -> QUALO Recycling USB-C/USB-C cable 3A 1m QRC-CC-01 dont 0,04 deee | E41: ='Bon de commande'!C56 -> 5907457776081 | F41: 1 | G41: 1 | H41: P | I41: 1 | J41: ='Bon de commande'!F56 -> 0.04 | K41: ='Bon de commande'!G56+'Bon de commande'!F56 -> 4.48 | M41: ='Bon de commande'!G56+'Bon de commande'!F56 -> 4.48 | N41: 20 | O41: ='Bon de commande'!H56 -> 7.99 | Q41: A | R41: B | S41: C | T41: D
A42: ='Bon de commande'!D57 -> 0 | B42: ='Bon de commande'!B57 -> QUCC004 | C42: ='Bon de commande'!E57 -> QUALO USB-C-USB-C glowing cable 1M 3A white/silver QCS-CC-00 dont 0,04 deee | D42: ='Bon de commande'!E57 -> QUALO USB-C-USB-C glowing cable 1M 3A white/silver QCS-CC-00 dont 0,04 deee | E42: ='Bon de commande'!C57 -> 5907457782396 | F42: 1 | G42: 1 | H42: P | I42: 1 | J42: ='Bon de commande'!F57 -> 0.04 | K42: ='Bon de commande'!G57+'Bon de commande'!F57 -> 8.37 | M42: ='Bon de commande'!G57+'Bon de commande'!F57 -> 8.37 | N42: 20 | O42: ='Bon de commande'!H57 -> 14.99 | Q42: 60 | R42: 62 | S42: 6230 | T42: 1
A43: ='Bon de commande'!D58 -> 0 | B43: ='Bon de commande'!B58 -> QUCC005 | C43: ='Bon de commande'!E58 -> QUALO USB-A-USB-C glowing cable 1M 3A white/silver QCS-AC-00 dont 0,04 deee | D43: ='Bon de commande'!E58 -> QUALO USB-A-USB-C glowing cable 1M 3A white/silver QCS-AC-00 dont 0,04 deee | E43: ='Bon de commande'!C58 -> 5907457782419 | F43: 1 | G43: 1 | H43: P | I43: 1 | J43: ='Bon de commande'!F58 -> 0.04 | K43: ='Bon de commande'!G58+'Bon de commande'!F58 -> 8.37 | M43: ='Bon de commande'!G58+'Bon de commande'!F58 -> 8.37 | N43: 20 | O43: ='Bon de commande'!H58 -> 14.99 | Q43: 60 | R43: 62 | S43: 6230 | T43: 1
A44: ='Bon de commande'!D59 -> 0 | B44: ='Bon de commande'!B59 -> QUCC006 | C44: ='Bon de commande'!E59 -> QUALO Transparent nylon cable USB-C - USB-C 1.5m 3A green QTCN-CC-04 dont 0,04 deee | D44: ='Bon de commande'!E59 -> QUALO Transparent nylon cable USB-C - USB-C 1.5m 3A green QTCN-CC-04 dont 0,04 deee | E44: ='Bon de commande'!C59 -> 5907457783393 | F44: 1 | G44: 1 | H44: P | I44: 1 | J44: ='Bon de commande'!F59 -> 0.04 | K44: ='Bon de commande'!G59+'Bon de commande'!F59 -> 5.59 | M44: ='Bon de commande'!G59+'Bon de commande'!F59 -> 5.59 | N44: 20 | O44: ='Bon de commande'!H59 -> 9.99 | Q44: 60 | R44: 62 | S44: 6230 | T44: 1
A45: ='Bon de commande'!D60 -> 0 | B45: ='Bon de commande'!B60 -> QUCC007 | C45: ='Bon de commande'!E60 -> QUALO Transparent nylon cable USB-A - USB-C 1.5m 3A green QTCN-AC-04 dont 0,04 deee | D45: ='Bon de commande'!E60 -> QUALO Transparent nylon cable USB-A - USB-C 1.5m 3A green QTCN-AC-04 dont 0,04 deee | E45: ='Bon de commande'!C60 -> 5907457783409 | F45: 1 | G45: 1 | H45: P | I45: 1 | J45: ='Bon de commande'!F60 -> 0.04 | K45: ='Bon de commande'!G60+'Bon de commande'!F60 -> 5.59 | M45: ='Bon de commande'!G60+'Bon de commande'!F60 -> 5.59 | N45: 20 | O45: ='Bon de commande'!H60 -> 9.99 | Q45: A | R45: B | S45: C | T45: D
A46: ='Bon de commande'!D61 -> 0 | B46: ='Bon de commande'!B61 -> QUCC008 | C46: ='Bon de commande'!E61 -> QUALO nylon cable USB-C - USB-C 1.5m 3A silver QKN-CC-018 dont 0,04 deee | D46: ='Bon de commande'!E61 -> QUALO nylon cable USB-C - USB-C 1.5m 3A silver QKN-CC-018 dont 0,04 deee | E46: ='Bon de commande'!C61 -> 5907457773080 | F46: 1 | G46: 1 | H46: P | I46: 1 | J46: ='Bon de commande'!F61 -> 0.04 | K46: ='Bon de commande'!G61+'Bon de commande'!F61 -> 5.44 | M46: ='Bon de commande'!G61+'Bon de commande'!F61 -> 5.44 | N46: 20 | O46: ='Bon de commande'!H61 -> 9.99 | Q46: 60 | R46: 62 | S46: 6230 | T46: 1
A47: ='Bon de commande'!D62 -> 0 | B47: ='Bon de commande'!B62 -> QUCC009 | C47: ='Bon de commande'!E62 -> QUALO nylon cable USB-C - USB-C 1.5m 3A yellow QKN-CC-05 dont 0,04 deee | D47: ='Bon de commande'!E62 -> QUALO nylon cable USB-C - USB-C 1.5m 3A yellow QKN-CC-05 dont 0,04 deee | E47: ='Bon de commande'!C62 -> 5907457773073 | F47: 1 | G47: 1 | H47: P | I47: 1 | J47: ='Bon de commande'!F62 -> 0.04 | K47: ='Bon de commande'!G62+'Bon de commande'!F62 -> 5.44 | M47: ='Bon de commande'!G62+'Bon de commande'!F62 -> 5.44 | N47: 20 | O47: ='Bon de commande'!H62 -> 9.99 | Q47: 60 | R47: 62 | S47: 6230 | T47: 1
A48: ='Bon de commande'!D63 -> 0 | B48: ='Bon de commande'!B63 -> QUCC010 | C48: ='Bon de commande'!E63 -> QUALO nylon cable USB-C - USB-C 1.5m 3A pink QKN-CC-16 dont 0,04 deee | D48: ='Bon de commande'!E63 -> QUALO nylon cable USB-C - USB-C 1.5m 3A pink QKN-CC-16 dont 0,04 deee | E48: ='Bon de commande'!C63 -> 5907457773097 | F48: 1 | G48: 1 | H48: P | I48: 1 | J48: ='Bon de commande'!F63 -> 0.04 | K48: ='Bon de commande'!G63+'Bon de commande'!F63 -> 5.44 | M48: ='Bon de commande'!G63+'Bon de commande'!F63 -> 5.44 | N48: 20 | O48: ='Bon de commande'!H63 -> 9.99 | Q48: 60 | R48: 62 | S48: 6230 | T48: 1
A49: ='Bon de commande'!D64 -> 0 | B49: ='Bon de commande'!B64 -> QUCC011 | C49: ='Bon de commande'!E64 -> QUALO nylon cable USB-C - USB-C 1.5m 3A mint QKN-CC-21 dont 0,04 deee | D49: ='Bon de commande'!E64 -> QUALO nylon cable USB-C - USB-C 1.5m 3A mint QKN-CC-21 dont 0,04 deee | E49: ='Bon de commande'!C64 -> 5907457773103 | F49: 1 | G49: 1 | H49: P | I49: 1 | J49: ='Bon de commande'!F64 -> 0.04 | K49: ='Bon de commande'!G64+'Bon de commande'!F64 -> 5.44 | M49: ='Bon de commande'!G64+'Bon de commande'!F64 -> 5.44 | N49: 20 | O49: ='Bon de commande'!H64 -> 9.99 | Q49: A | R49: B | S49: C | T49: D
A50: ='Bon de commande'!D65 -> 0 | B50: ='Bon de commande'!B65 -> QUCC012 | C50: ='Bon de commande'!E65 -> QUALO Transparent nylon cable USB-A - USB-C 1.5m 3A white QTCN-AC-00 dont 0,04 deee | D50: ='Bon de commande'!E65 -> QUALO Transparent nylon cable USB-A - USB-C 1.5m 3A white QTCN-AC-00 dont 0,04 deee | E50: ='Bon de commande'!C65 -> 5907457783379 | F50: 1 | G50: 1 | H50: P | I50: 1 | J50: ='Bon de commande'!F65 -> 0.04 | K50: ='Bon de commande'!G65+'Bon de commande'!F65 -> 5.59 | M50: ='Bon de commande'!G65+'Bon de commande'!F65 -> 5.59 | N50: 20 | O50: ='Bon de commande'!H65 -> 9.99 | Q50: 60 | R50: 62 | S50: 6230 | T50: 1
A51: ='Bon de commande'!D66 -> 0 | B51: ='Bon de commande'!B66 -> QUCC013 | C51: ='Bon de commande'!E66 -> QUALO Transparent nylon cable USB-C - USB-C 1.5m 3A white QTCN-CC-00 dont 0,04 deee | D51: ='Bon de commande'!E66 -> QUALO Transparent nylon cable USB-C - USB-C 1.5m 3A white QTCN-CC-00 dont 0,04 deee | E51: ='Bon de commande'!C66 -> 5907457783362 | F51: 1 | G51: 1 | H51: P | I51: 1 | J51: ='Bon de commande'!F66 -> 0.04 | K51: ='Bon de commande'!G66+'Bon de commande'!F66 -> 5.59 | M51: ='Bon de commande'!G66+'Bon de commande'!F66 -> 5.59 | N51: 20 | O51: ='Bon de commande'!H66 -> 9.99 | Q51: 60 | R51: 62 | S51: 6230 | T51: 1
A52: ='Bon de commande'!D67 -> 0 | B52: ='Bon de commande'!B67 -> QUCV002 | C52: ='Bon de commande'!E67 -> QUALO Recycling USB-A USB-C car charger black 32W QRLS-AC-01-32 dont 0,04 deee | D52: ='Bon de commande'!E67 -> QUALO Recycling USB-A USB-C car charger black 32W QRLS-AC-01-32 dont 0,04 deee | E52: ='Bon de commande'!C67 -> 5907457783355 | F52: 1 | G52: 1 | H52: P | I52: 1 | J52: ='Bon de commande'!F67 -> 0.04 | K52: ='Bon de commande'!G67+'Bon de commande'!F67 -> 7.68 | M52: ='Bon de commande'!G67+'Bon de commande'!F67 -> 7.68 | N52: 20 | O52: ='Bon de commande'!H67 -> 12.99 | Q52: 60 | R52: 62 | S52: 6230 | T52: 1
A53: ='Bon de commande'!D68 -> 0 | B53: ='Bon de commande'!B68 -> QULI001 | C53: ='Bon de commande'!E68 -> QUALO Recycling USB-A - Lightning cable 1.5m 2.4A white QRC-AL-00 dont 0,04 deee | D53: ='Bon de commande'!E68 -> QUALO Recycling USB-A - Lightning cable 1.5m 2.4A white QRC-AL-00 dont 0,04 deee | E53: ='Bon de commande'!C68 -> 5907457783430 | F53: 1 | G53: 1 | H53: P | I53: 1 | J53: ='Bon de commande'!F68 -> 0.04 | K53: ='Bon de commande'!G68+'Bon de commande'!F68 -> 4.48 | M53: ='Bon de commande'!G68+'Bon de commande'!F68 -> 4.48 | N53: 20 | O53: ='Bon de commande'!H68 -> 7.99 | Q53: A | R53: B | S53: C | T53: D
A54: ='Bon de commande'!D69 -> 0 | B54: ='Bon de commande'!B69 -> QULI004 | C54: ='Bon de commande'!E69 -> QUALO Transparent nylon cable USB-C - Lightning 1.5m 2.4A green QTCN-CL-04 dont 0,04 deee | D54: ='Bon de commande'!E69 -> QUALO Transparent nylon cable USB-C - Lightning 1.5m 2.4A green QTCN-CL-04 dont 0,04 deee | E54: ='Bon de commande'!C69 -> 5907457783416 | F54: 1 | G54: 1 | H54: P | I54: 1 | J54: ='Bon de commande'!F69 -> 0.04 | K54: ='Bon de commande'!G69+'Bon de commande'!F69 -> 5.59 | M54: ='Bon de commande'!G69+'Bon de commande'!F69 -> 5.59 | N54: 20 | O54: ='Bon de commande'!H69 -> 9.99 | Q54: 60 | R54: 62 | S54: 6230 | T54: 1
A55: ='Bon de commande'!D70 -> 0 | B55: ='Bon de commande'!B70 -> QULI005 | C55: ='Bon de commande'!E70 -> QUALO Transparent nylon cable USB-C - Lightning 1.5m 2.4A white QTCN-CL-00 dont 0,04 deee | D55: ='Bon de commande'!E70 -> QUALO Transparent nylon cable USB-C - Lightning 1.5m 2.4A white QTCN-CL-00 dont 0,04 deee | E55: ='Bon de commande'!C70 -> 5907457783386 | F55: 1 | G55: 1 | H55: P | I55: 1 | J55: ='Bon de commande'!F70 -> 0.04 | K55: ='Bon de commande'!G70+'Bon de commande'!F70 -> 5.59 | M55: ='Bon de commande'!G70+'Bon de commande'!F70 -> 5.59 | N55: 20 | O55: ='Bon de commande'!H70 -> 9.99 | Q55: 60 | R55: 62 | S55: 6230 | T55: 1
A56: ='Bon de commande'!D71 -> 0 | B56: ='Bon de commande'!B71 -> QULI006 | C56: ='Bon de commande'!E71 -> QUALO nylon cable USB-C - Lightning 1.5m 2,4A silver QKN-CL-18 dont 0,04 deee | D56: ='Bon de commande'!E71 -> QUALO nylon cable USB-C - Lightning 1.5m 2,4A silver QKN-CL-18 dont 0,04 deee | E56: ='Bon de commande'!C71 -> 5907457773127 | F56: 1 | G56: 1 | H56: P | I56: 1 | J56: ='Bon de commande'!F71 -> 0.04 | K56: ='Bon de commande'!G71+'Bon de commande'!F71 -> 5.44 | M56: ='Bon de commande'!G71+'Bon de commande'!F71 -> 5.44 | N56: 20 | O56: ='Bon de commande'!H71 -> 9.99 | Q56: 60 | R56: 62 | S56: 6230 | T56: 1
A57: ='Bon de commande'!D72 -> 0 | B57: ='Bon de commande'!B72 -> QULI007 | C57: ='Bon de commande'!E72 -> QUALO nylon cable USB-C - Lightning 1.5m 2,4A yellow QKN-CL-05 dont 0,04 deee | D57: ='Bon de commande'!E72 -> QUALO nylon cable USB-C - Lightning 1.5m 2,4A yellow QKN-CL-05 dont 0,04 deee | E57: ='Bon de commande'!C72 -> 5907457773110 | F57: 1 | G57: 1 | H57: P | I57: 1 | J57: ='Bon de commande'!F72 -> 0.04 | K57: ='Bon de commande'!G72+'Bon de commande'!F72 -> 5.44 | M57: ='Bon de commande'!G72+'Bon de commande'!F72 -> 5.44 | N57: 20 | O57: ='Bon de commande'!H72 -> 9.99 | Q57: A | R57: B | S57: C | T57: D
A58: ='Bon de commande'!D73 -> 0 | B58: ='Bon de commande'!B73 -> QULI008 | C58: ='Bon de commande'!E73 -> QUALO nylon cable USB-C - Lightning 1.5m 2,4A pink QKN-CL-16 dont 0,04 deee | D58: ='Bon de commande'!E73 -> QUALO nylon cable USB-C - Lightning 1.5m 2,4A pink QKN-CL-16 dont 0,04 deee | E58: ='Bon de commande'!C73 -> 5907457773134 | F58: 1 | G58: 1 | H58: P | I58: 1 | J58: ='Bon de commande'!F73 -> 0.04 | K58: ='Bon de commande'!G73+'Bon de commande'!F73 -> 5.44 | M58: ='Bon de commande'!G73+'Bon de commande'!F73 -> 5.44 | N58: 20 | O58: ='Bon de commande'!H73 -> 9.99 | Q58: 60 | R58: 62 | S58: 6230 | T58: 1
A59: ='Bon de commande'!D74 -> 0 | B59: ='Bon de commande'!B74 -> QULI009 | C59: ='Bon de commande'!E74 -> QUALO nylon cable USB-C - Lightning 1.5m 2,4A mint QKN-CL-21 dont 0,04 deee | D59: ='Bon de commande'!E74 -> QUALO nylon cable USB-C - Lightning 1.5m 2,4A mint QKN-CL-21 dont 0,04 deee | E59: ='Bon de commande'!C74 -> 5907457773141 | F59: 1 | G59: 1 | H59: P | I59: 1 | J59: ='Bon de commande'!F74 -> 0.04 | K59: ='Bon de commande'!G74+'Bon de commande'!F74 -> 5.44 | M59: ='Bon de commande'!G74+'Bon de commande'!F74 -> 5.44 | N59: 20 | O59: ='Bon de commande'!H74 -> 9.99 | Q59: 60 | R59: 62 | S59: 6230 | T59: 1
A60: ='Bon de commande'!D75 -> 0 | B60: ='Bon de commande'!B75 -> QUPB003 | C60: ='Bon de commande'!E75 -> QUALO Transparent power bank 10000 mAh PD with LED 23W black QTPB10-LD-23-01 dont 0,04 deee | D60: ='Bon de commande'!E75 -> QUALO Transparent power bank 10000 mAh PD with LED 23W black QTPB10-LD-23-01 dont 0,04 deee | E60: ='Bon de commande'!C75 -> 5907457779907 | F60: 1 | G60: 1 | H60: P | I60: 1 | J60: ='Bon de commande'!F75 -> 0.04 | K60: ='Bon de commande'!G75+'Bon de commande'!F75 -> 12.53 | M60: ='Bon de commande'!G75+'Bon de commande'!F75 -> 12.53 | N60: 20 | O60: ='Bon de commande'!H75 -> 19.99 | Q60: 60 | R60: 62 | S60: 6230 | T60: 1
A61: ='Bon de commande'!D76 -> 0 | B61: ='Bon de commande'!B76 -> QUWC001 | C61: ='Bon de commande'!E76 -> QUALO Nano PD 35W USB-C wall charger QLSN-C-35-01 dont 0,04 deee | D61: ='Bon de commande'!E76 -> QUALO Nano PD 35W USB-C wall charger QLSN-C-35-01 dont 0,04 deee | E61: ='Bon de commande'!C76 -> 5907457773257 | F61: 1 | G61: 1 | H61: P | I61: 1 | J61: ='Bon de commande'!F76 -> 0.04 | K61: ='Bon de commande'!G76+'Bon de commande'!F76 -> 7.66 | M61: ='Bon de commande'!G76+'Bon de commande'!F76 -> 7.66 | N61: 20 | O61: ='Bon de commande'!H76 -> 12.95 | Q61: A | R61: B | S61: C | T61: D
A62: ='Bon de commande'!D77 -> 0 | B62: ='Bon de commande'!B77 -> QUWC004 | C62: ='Bon de commande'!E77 -> QUALO inductive charger 20W matte black QLI-M-20W-01 dont 0,04 deee | D62: ='Bon de commande'!E77 -> QUALO inductive charger 20W matte black QLI-M-20W-01 dont 0,04 deee | E62: ='Bon de commande'!C77 -> 5907457773301 | F62: 1 | G62: 1 | H62: P | I62: 1 | J62: ='Bon de commande'!F77 -> 0.04 | K62: ='Bon de commande'!G77+'Bon de commande'!F77 -> 13.35 | M62: ='Bon de commande'!G77+'Bon de commande'!F77 -> 13.35 | N62: 20 | O62: ='Bon de commande'!H77 -> 23.95 | Q62: 60 | R62: 62 | S62: 6230 | T62: 1
A63: ='Bon de commande'!D78 -> 0 | B63: ='Bon de commande'!B78 -> QUWC005 | C63: ='Bon de commande'!E78 -> QUALO Transparent inductive charger 15W black QTLI-15-01 dont 0,04 deee | D63: ='Bon de commande'!E78 -> QUALO Transparent inductive charger 15W black QTLI-15-01 dont 0,04 deee | E63: ='Bon de commande'!C78 -> 5907457783317 | F63: 1 | G63: 1 | H63: P | I63: 1 | J63: ='Bon de commande'!F78 -> 0.04 | K63: ='Bon de commande'!G78+'Bon de commande'!F78 -> 8.92 | M63: ='Bon de commande'!G78+'Bon de commande'!F78 -> 8.92 | N63: 20 | O63: ='Bon de commande'!H78 -> 15.99 | Q63: 60 | R63: 62 | S63: 6230 | T63: 1
A64: ='Bon de commande'!D79 -> 0 | B64: ='Bon de commande'!B79 -> Sous-total QUALO | C64: ='Bon de commande'!E79 -> 0 | D64: ='Bon de commande'!E79 -> 0 | E64: ='Bon de commande'!C79 -> 0 | F64: 1 | G64: 1 | H64: P | I64: 1 | J64: ='Bon de commande'!F79 -> 0 | K64: ='Bon de commande'!G79+'Bon de commande'!F79 -> 0 | M64: ='Bon de commande'!G79+'Bon de commande'!F79 -> 0 | N64: 20 | O64: ='Bon de commande'!H79 -> 0 | Q64: 60 | R64: 62 | S64: 6230 | T64: 1
A65: ='Bon de commande'!D80 -> 0 | B65: ='Bon de commande'!B80 -> SETTY | C65: ='Bon de commande'!E80 -> 0 | D65: ='Bon de commande'!E80 -> 0 | E65: ='Bon de commande'!C80 -> 0 | F65: 1 | G65: 1 | H65: P | I65: 1 | J65: ='Bon de commande'!F80 -> 0 | K65: ='Bon de commande'!G80+'Bon de commande'!F80 -> 0 | M65: ='Bon de commande'!G80+'Bon de commande'!F80 -> 0 | N65: 20 | O65: ='Bon de commande'!H80 -> 0 | Q65: A | R65: B | S65: C | T65: D
A66: ='Bon de commande'!D81 -> 0 | B66: ='Bon de commande'!B81 -> SA171585 | C66: ='Bon de commande'!E81 -> Setty speaker round RGB GB-700 black | D66: ='Bon de commande'!E81 -> Setty speaker round RGB GB-700 black | E66: ='Bon de commande'!C81 -> 5900495094261 | F66: 1 | G66: 1 | H66: P | I66: 1 | J66: ='Bon de commande'!F81 -> 0.04 | K66: ='Bon de commande'!G81+'Bon de commande'!F81 -> 10.64 | M66: ='Bon de commande'!G81+'Bon de commande'!F81 -> 10.64 | N66: 20 | O66: ='Bon de commande'!H81 -> 19.99 | Q66: 60 | R66: 62 | S66: 6230 | T66: 1
A67: ='Bon de commande'!D82 -> 0 | B67: ='Bon de commande'!B82 -> SC3IN1043225 | C67: ='Bon de commande'!E82 -> Setty Cable 3en1 USB - Lightning + USB-C + microUSB 1,0 m 2A KN3W1-01 noir | D67: ='Bon de commande'!E82 -> Setty Cable 3en1 USB - Lightning + USB-C + microUSB 1,0 m 2A KN3W1-01 noir | E67: ='Bon de commande'!C82 -> 5900495753304 | F67: 1 | G67: 1 | H67: P | I67: 1 | J67: ='Bon de commande'!F82 -> 0.04 | K67: ='Bon de commande'!G82+'Bon de commande'!F82 -> 3.33 | M67: ='Bon de commande'!G82+'Bon de commande'!F82 -> 3.33 | N67: 20 | O67: ='Bon de commande'!H82 -> 8.99 | Q67: 60 | R67: 62 | S67: 6230 | T67: 1
A68: ='Bon de commande'!D83 -> 0 | B68: ='Bon de commande'!B83 -> SC3IN1109581 | C68: ='Bon de commande'!E83 -> Setty 3in1 cable USB - Lightning + USB-C + microUSB 1,0 m 2A black nylon DT | D68: ='Bon de commande'!E83 -> Setty 3in1 cable USB - Lightning + USB-C + microUSB 1,0 m 2A black nylon DT | E68: ='Bon de commande'!C83 -> 5900495925626 | F68: 1 | G68: 1 | H68: P | I68: 1 | J68: ='Bon de commande'!F83 -> 0.04 | K68: ='Bon de commande'!G83+'Bon de commande'!F83 -> 3.54 | M68: ='Bon de commande'!G83+'Bon de commande'!F83 -> 3.54 | N68: 20 | O68: ='Bon de commande'!H83 -> 8.99 | Q68: 60 | R68: 62 | S68: 6230 | T68: 1
A69: ='Bon de commande'!D84 -> 0 | B69: ='Bon de commande'!B84 -> SC3IN1109713 | C69: ='Bon de commande'!E84 -> Setty USB magnetic cable 1m 2A nylon black | D69: ='Bon de commande'!E84 -> Setty USB magnetic cable 1m 2A nylon black | E69: ='Bon de commande'!C84 -> 5900495926623 | F69: 1 | G69: 1 | H69: P | I69: 1 | J69: ='Bon de commande'!F84 -> 0.04 | K69: ='Bon de commande'!G84+'Bon de commande'!F84 -> 3.76 | M69: ='Bon de commande'!G84+'Bon de commande'!F84 -> 3.76 | N69: 20 | O69: ='Bon de commande'!H84 -> 9.99 | Q69: A | R69: B | S69: C | T69: D
A70: ='Bon de commande'!D85 -> 0 | B70: ='Bon de commande'!B85 -> SCA112227 | C70: ='Bon de commande'!E85 -> Setty adapter Lightning - audio jack 3,5mm white | D70: ='Bon de commande'!E85 -> Setty adapter Lightning - audio jack 3,5mm white | E70: ='Bon de commande'!C85 -> 5900495948502 | F70: 1 | G70: 1 | H70: P | I70: 1 | J70: ='Bon de commande'!F85 -> 0.04 | K70: ='Bon de commande'!G85+'Bon de commande'!F85 -> 4.06 | M70: ='Bon de commande'!G85+'Bon de commande'!F85 -> 4.06 | N70: 20 | O70: ='Bon de commande'!H85 -> 9.99 | Q70: 60 | R70: 62 | S70: 6230 | T70: 1
A71: ='Bon de commande'!D86 -> 0 | B71: ='Bon de commande'!B86 -> SCL100541 | C71: ='Bon de commande'!E86 -> Setty USB Cable 1m 2,4A MFI Lightning white | D71: ='Bon de commande'!E86 -> Setty USB Cable 1m 2,4A MFI Lightning white | E71: ='Bon de commande'!C86 -> 5900495842572 | F71: 1 | G71: 1 | H71: P | I71: 1 | J71: ='Bon de commande'!F86 -> 0.04 | K71: ='Bon de commande'!G86+'Bon de commande'!F86 -> 4.2 | M71: ='Bon de commande'!G86+'Bon de commande'!F86 -> 4.2 | N71: 20 | O71: ='Bon de commande'!H86 -> 9.99 | Q71: 60 | R71: 62 | S71: 6230 | T71: 1
A72: ='Bon de commande'!D87 -> 0 | B72: ='Bon de commande'!B87 -> SCL109583 | C72: ='Bon de commande'!E87 -> Setty cable USB - Lightning 3,0 m 2A white NEW | D72: ='Bon de commande'!E87 -> Setty cable USB - Lightning 3,0 m 2A white NEW | E72: ='Bon de commande'!C87 -> 5900495925640 | F72: 1 | G72: 1 | H72: P | I72: 1 | J72: ='Bon de commande'!F87 -> 0.04 | K72: ='Bon de commande'!G87+'Bon de commande'!F87 -> 4.3 | M72: ='Bon de commande'!G87+'Bon de commande'!F87 -> 4.3 | N72: 20 | O72: ='Bon de commande'!H87 -> 9.99 | Q72: 60 | R72: 62 | S72: 6230 | T72: 1
A73: ='Bon de commande'!D88 -> 0 | B73: ='Bon de commande'!B88 -> SCL109950 | C73: ='Bon de commande'!E88 -> Setty cable USB - Lightning 3,0 m 2A black NEW | D73: ='Bon de commande'!E88 -> Setty cable USB - Lightning 3,0 m 2A black NEW | E73: ='Bon de commande'!C88 -> 5900495928917 | F73: 1 | G73: 1 | H73: P | I73: 1 | J73: ='Bon de commande'!F88 -> 0.04 | K73: ='Bon de commande'!G88+'Bon de commande'!F88 -> 4.3 | M73: ='Bon de commande'!G88+'Bon de commande'!F88 -> 4.3 | N73: 20 | O73: ='Bon de commande'!H88 -> 6.99 | Q73: A | R73: B | S73: C | T73: D
A74: ='Bon de commande'!D89 -> 0 | B74: ='Bon de commande'!B89 -> SCL165723 | C74: ='Bon de commande'!E89 -> Setty cable USB - Lightning 1,5 m 2,1A KSA-L-1.523 blue | D74: ='Bon de commande'!E89 -> Setty cable USB - Lightning 1,5 m 2,1A KSA-L-1.523 blue | E74: ='Bon de commande'!C89 -> 5900495032966 | F74: 1 | G74: 1 | H74: P | I74: 1 | J74: ='Bon de commande'!F89 -> 0.04 | K74: ='Bon de commande'!G89+'Bon de commande'!F89 -> 3.04 | M74: ='Bon de commande'!G89+'Bon de commande'!F89 -> 3.04 | N74: 20 | O74: ='Bon de commande'!H89 -> 7.99 | Q74: 60 | R74: 62 | S74: 6230 | T74: 1
A75: ='Bon de commande'!D90 -> 0 | B75: ='Bon de commande'!B90 -> SCL171771 | C75: ='Bon de commande'!E90 -> Setty USB-C - Lightning cable 1m 3A KSC-L-130 white | D75: ='Bon de commande'!E90 -> Setty USB-C - Lightning cable 1m 3A KSC-L-130 white | E75: ='Bon de commande'!C90 -> 5900495201396 | F75: 1 | G75: 1 | H75: P | I75: 1 | J75: ='Bon de commande'!F90 -> 0.04 | K75: ='Bon de commande'!G90+'Bon de commande'!F90 -> 4.24 | M75: ='Bon de commande'!G90+'Bon de commande'!F90 -> 4.24 | N75: 20 | O75: ='Bon de commande'!H90 -> 9.99 | Q75: 60 | R75: 62 | S75: 6230 | T75: 1
A76: ='Bon de commande'!D91 -> 0 | B76: ='Bon de commande'!B91 -> SCL175876 | C76: ='Bon de commande'!E91 -> Setty USB-C - Lightning cable 1m 3A KSC-L-131 black deee inclue 0,04 | D76: ='Bon de commande'!E91 -> Setty USB-C - Lightning cable 1m 3A KSC-L-131 black deee inclue 0,04 | E76: ='Bon de commande'!C91 -> 4900495608499 | F76: 1 | G76: 1 | H76: P | I76: 1 | J76: ='Bon de commande'!F91 -> 0.04 | K76: ='Bon de commande'!G91+'Bon de commande'!F91 -> 4.24 | M76: ='Bon de commande'!G91+'Bon de commande'!F91 -> 4.24 | N76: 20 | O76: ='Bon de commande'!H91 -> 11.99 | Q76: 60 | R76: 62 | S76: 6230 | T76: 1
A77: ='Bon de commande'!D92 -> 0 | B77: ='Bon de commande'!B92 -> SCL187248 | C77: ='Bon de commande'!E92 -> Setty cable USB - Lightning 1,5 m 2,4A KGA-L-1.52420 white-pink gradient | D77: ='Bon de commande'!E92 -> Setty cable USB - Lightning 1,5 m 2,4A KGA-L-1.52420 white-pink gradient | E77: ='Bon de commande'!C92 -> 5900495756848 | F77: 1 | G77: 1 | H77: P | I77: 1 | J77: ='Bon de commande'!F92 -> 0.04 | K77: ='Bon de commande'!G92+'Bon de commande'!F92 -> 2.55 | M77: ='Bon de commande'!G92+'Bon de commande'!F92 -> 2.55 | N77: 20 | O77: ='Bon de commande'!H92 -> 6.98 | Q77: A | R77: B | S77: C | T77: D
A78: ='Bon de commande'!D93 -> 0 | B78: ='Bon de commande'!B93 -> SCL187249 | C78: ='Bon de commande'!E93 -> Setty cable USB - Lightning 1,5 m 2,4A KGA-L-1.52420 mint-white gradient | D78: ='Bon de commande'!E93 -> Setty cable USB - Lightning 1,5 m 2,4A KGA-L-1.52420 mint-white gradient | E78: ='Bon de commande'!C93 -> 5900495756954 | F78: 1 | G78: 1 | H78: P | I78: 1 | J78: ='Bon de commande'!F93 -> 0.04 | K78: ='Bon de commande'!G93+'Bon de commande'!F93 -> 2.55 | M78: ='Bon de commande'!G93+'Bon de commande'!F93 -> 2.55 | N78: 20 | O78: ='Bon de commande'!H93 -> 6.98 | Q78: 60 | R78: 62 | S78: 6230 | T78: 1
A79: ='Bon de commande'!D94 -> 0 | B79: ='Bon de commande'!B94 -> SCL187250 | C79: ='Bon de commande'!E94 -> Setty cable USB - Lightning 1,5 m 2,4A KGA-L-1.52420 turquoise-pink gradient | D79: ='Bon de commande'!E94 -> Setty cable USB - Lightning 1,5 m 2,4A KGA-L-1.52420 turquoise-pink gradient | E79: ='Bon de commande'!C94 -> 5900495756978 | F79: 1 | G79: 1 | H79: P | I79: 1 | J79: ='Bon de commande'!F94 -> 0.04 | K79: ='Bon de commande'!G94+'Bon de commande'!F94 -> 2.55 | M79: ='Bon de commande'!G94+'Bon de commande'!F94 -> 2.55 | N79: 20 | O79: ='Bon de commande'!H94 -> 6.98 | Q79: 60 | R79: 62 | S79: 6230 | T79: 1
A80: ='Bon de commande'!D95 -> 0 | B80: ='Bon de commande'!B95 -> SCM109585 | C80: ='Bon de commande'!E95 -> Setty cable USB - microUSB 3,0 m 2A black NEW | D80: ='Bon de commande'!E95 -> Setty cable USB - microUSB 3,0 m 2A black NEW | E80: ='Bon de commande'!C95 -> 5900495925664 | F80: 1 | G80: 1 | H80: P | I80: 1 | J80: ='Bon de commande'!F95 -> 0.04 | K80: ='Bon de commande'!G95+'Bon de commande'!F95 -> 3.06 | M80: ='Bon de commande'!G95+'Bon de commande'!F95 -> 3.06 | N80: 20 | O80: ='Bon de commande'!H95 -> 5.99 | Q80: 60 | R80: 62 | S80: 6230 | T80: 1
A81: ='Bon de commande'!D96 -> 0 | B81: ='Bon de commande'!B96 -> SCM171580 | C81: ='Bon de commande'!E96 -> Setty USB - micro cable 3 m 2A KSA-M-321 black | D81: ='Bon de commande'!E96 -> Setty USB - micro cable 3 m 2A KSA-M-321 black | E81: ='Bon de commande'!C96 -> 5900495094223 | F81: 1 | G81: 1 | H81: P | I81: 1 | J81: ='Bon de commande'!F96 -> 0.04 | K81: ='Bon de commande'!G96+'Bon de commande'!F96 -> 3.84 | M81: ='Bon de commande'!G96+'Bon de commande'!F96 -> 3.84 | N81: 20 | O81: ='Bon de commande'!H96 -> 8.99 | Q81: A | R81: B | S81: C | T81: D
A82: ='Bon de commande'!D97 -> 0 | B82: ='Bon de commande'!B97 -> SCT106093 | C82: ='Bon de commande'!E97 -> Setty cable USB - USB-C 1,0 m 3A black | D82: ='Bon de commande'!E97 -> Setty cable USB - USB-C 1,0 m 3A black | E82: ='Bon de commande'!C97 -> 5900495898876 | F82: 1 | G82: 1 | H82: P | I82: 1 | J82: ='Bon de commande'!F97 -> 0.04 | K82: ='Bon de commande'!G97+'Bon de commande'!F97 -> 2.64 | M82: ='Bon de commande'!G97+'Bon de commande'!F97 -> 2.64 | N82: 20 | O82: ='Bon de commande'!H97 -> 5.99 | Q82: 60 | R82: 62 | S82: 6230 | T82: 1
A83: ='Bon de commande'!D98 -> 0 | B83: ='Bon de commande'!B98 -> SCT106094 | C83: ='Bon de commande'!E98 -> Setty cable USB - USB-C 1,0 m 3A white | D83: ='Bon de commande'!E98 -> Setty cable USB - USB-C 1,0 m 3A white | E83: ='Bon de commande'!C98 -> 5900495898883 | F83: 1 | G83: 1 | H83: P | I83: 1 | J83: ='Bon de commande'!F98 -> 0.04 | K83: ='Bon de commande'!G98+'Bon de commande'!F98 -> 2.64 | M83: ='Bon de commande'!G98+'Bon de commande'!F98 -> 2.64 | N83: 20 | O83: ='Bon de commande'!H98 -> 5.99 | Q83: 60 | R83: 62 | S83: 6230 | T83: 1
A84: ='Bon de commande'!D99 -> 0 | B84: ='Bon de commande'!B99 -> SCT112228 | C84: ='Bon de commande'!E99 -> Setty adapter USB-C - audio jack 3,5mm white deee inclue 0,04 | D84: ='Bon de commande'!E99 -> Setty adapter USB-C - audio jack 3,5mm white deee inclue 0,04 | E84: ='Bon de commande'!C99 -> 5900495948519 | F84: 1 | G84: 1 | H84: P | I84: 1 | J84: ='Bon de commande'!F99 -> 0.04 | K84: ='Bon de commande'!G99+'Bon de commande'!F99 -> 2.66 | M84: ='Bon de commande'!G99+'Bon de commande'!F99 -> 2.66 | N84: 20 | O84: ='Bon de commande'!H99 -> 9.99 | Q84: 60 | R84: 62 | S84: 6230 | T84: 1
A85: ='Bon de commande'!D100 -> 0 | B85: ='Bon de commande'!B100 -> SCT165718 | C85: ='Bon de commande'!E100 -> Setty cable USB - USB-C 1,5 m 2,1A KSA-C-1.5210 orange | D85: ='Bon de commande'!E100 -> Setty cable USB - USB-C 1,5 m 2,1A KSA-C-1.5210 orange | E85: ='Bon de commande'!C100 -> 5900495032911 | F85: 1 | G85: 1 | H85: P | I85: 1 | J85: ='Bon de commande'!F100 -> 0.04 | K85: ='Bon de commande'!G100+'Bon de commande'!F100 -> 3.04 | M85: ='Bon de commande'!G100+'Bon de commande'!F100 -> 3.04 | N85: 20 | O85: ='Bon de commande'!H100 -> 7.99 | Q85: A | R85: B | S85: C | T85: D
A86: ='Bon de commande'!D101 -> 0 | B86: ='Bon de commande'!B101 -> SCT165719 | C86: ='Bon de commande'!E101 -> Setty cable USB - USB-C 1,5 m 2,1A KSA-C-1.526 pink | D86: ='Bon de commande'!E101 -> Setty cable USB - USB-C 1,5 m 2,1A KSA-C-1.526 pink | E86: ='Bon de commande'!C101 -> 5900495032928 | F86: 1 | G86: 1 | H86: P | I86: 1 | J86: ='Bon de commande'!F101 -> 0.04 | K86: ='Bon de commande'!G101+'Bon de commande'!F101 -> 3.04 | M86: ='Bon de commande'!G101+'Bon de commande'!F101 -> 3.04 | N86: 20 | O86: ='Bon de commande'!H101 -> 7.99 | Q86: 60 | R86: 62 | S86: 6230 | T86: 1
A87: ='Bon de commande'!D102 -> 0 | B87: ='Bon de commande'!B102 -> SCT165720 | C87: ='Bon de commande'!E102 -> Setty cable USB - USB-C 1,5 m 2,1A KSA-C-1.523 blue | D87: ='Bon de commande'!E102 -> Setty cable USB - USB-C 1,5 m 2,1A KSA-C-1.523 blue | E87: ='Bon de commande'!C102 -> 5900495032935 | F87: 1 | G87: 1 | H87: P | I87: 1 | J87: ='Bon de commande'!F102 -> 0.04 | K87: ='Bon de commande'!G102+'Bon de commande'!F102 -> 3.04 | M87: ='Bon de commande'!G102+'Bon de commande'!F102 -> 3.04 | N87: 20 | O87: ='Bon de commande'!H102 -> 7.99 | Q87: 60 | R87: 62 | S87: 6230 | T87: 1
A88: ='Bon de commande'!D103 -> 0 | B88: ='Bon de commande'!B103 -> SCT165721 | C88: ='Bon de commande'!E103 -> Setty cable USB - USB-C 1,5 m 2,1A KSA-C-1.529 lilac | D88: ='Bon de commande'!E103 -> Setty cable USB - USB-C 1,5 m 2,1A KSA-C-1.529 lilac | E88: ='Bon de commande'!C103 -> 5900495032942 | F88: 1 | G88: 1 | H88: P | I88: 1 | J88: ='Bon de commande'!F103 -> 0.04 | K88: ='Bon de commande'!G103+'Bon de commande'!F103 -> 3.04 | M88: ='Bon de commande'!G103+'Bon de commande'!F103 -> 3.04 | N88: 20 | O88: ='Bon de commande'!H103 -> 7.99 | Q88: 60 | R88: 62 | S88: 6230 | T88: 1
A89: ='Bon de commande'!D104 -> 0 | B89: ='Bon de commande'!B104 -> SCT166436 | C89: ='Bon de commande'!E104 -> Setty USB - Cable USB-C 3,0 m 2A blanc | D89: ='Bon de commande'!E104 -> Setty USB - Cable USB-C 3,0 m 2A blanc | E89: ='Bon de commande'!C104 -> 5900495040640 | F89: 1 | G89: 1 | H89: P | I89: 1 | J89: ='Bon de commande'!F104 -> 0.04 | K89: ='Bon de commande'!G104+'Bon de commande'!F104 -> 3.34 | M89: ='Bon de commande'!G104+'Bon de commande'!F104 -> 3.34 | N89: 20 | O89: ='Bon de commande'!H104 -> 9.99 | Q89: A | R89: B | S89: C | T89: D
A90: ='Bon de commande'!D105 -> 0 | B90: ='Bon de commande'!B105 -> SCT168169 | C90: ='Bon de commande'!E105 -> Setty cable USB-C - USB-C 1,5 m 2,1A KSC-C-1.5210 orange | D90: ='Bon de commande'!E105 -> Setty cable USB-C - USB-C 1,5 m 2,1A KSC-C-1.5210 orange | E90: ='Bon de commande'!C105 -> 5900495052520 | F90: 1 | G90: 1 | H90: P | I90: 1 | J90: ='Bon de commande'!F105 -> 0.04 | K90: ='Bon de commande'!G105+'Bon de commande'!F105 -> 3.04 | M90: ='Bon de commande'!G105+'Bon de commande'!F105 -> 3.04 | N90: 20 | O90: ='Bon de commande'!H105 -> 7.99 | Q90: 60 | R90: 62 | S90: 6230 | T90: 1
A91: ='Bon de commande'!D106 -> 0 | B91: ='Bon de commande'!B106 -> SCT171581 | C91: ='Bon de commande'!E106 -> Setty USB - USB-C cable 1,2 m 2A KSA-C-1.220 white | D91: ='Bon de commande'!E106 -> Setty USB - USB-C cable 1,2 m 2A KSA-C-1.220 white | E91: ='Bon de commande'!C106 -> 5900495094230 | F91: 1 | G91: 1 | H91: P | I91: 1 | J91: ='Bon de commande'!F106 -> 0.04 | K91: ='Bon de commande'!G106+'Bon de commande'!F106 -> 3.04 | M91: ='Bon de commande'!G106+'Bon de commande'!F106 -> 3.04 | N91: 20 | O91: ='Bon de commande'!H106 -> 7.99 | Q91: 60 | R91: 62 | S91: 6230 | T91: 1
A92: ='Bon de commande'!D107 -> 0 | B92: ='Bon de commande'!B107 -> SCT171582 | C92: ='Bon de commande'!E107 -> Setty USB - USB-C cable 1,2 m 2A KNA-C-1.221 black | D92: ='Bon de commande'!E107 -> Setty USB - USB-C cable 1,2 m 2A KNA-C-1.221 black | E92: ='Bon de commande'!C107 -> 5900495094247 | F92: 1 | G92: 1 | H92: P | I92: 1 | J92: ='Bon de commande'!F107 -> 0.04 | K92: ='Bon de commande'!G107+'Bon de commande'!F107 -> 3.04 | M92: ='Bon de commande'!G107+'Bon de commande'!F107 -> 3.04 | N92: 20 | O92: ='Bon de commande'!H107 -> 7.99 | Q92: 60 | R92: 62 | S92: 6230 | T92: 1
A93: ='Bon de commande'!D108 -> 0 | B93: ='Bon de commande'!B108 -> SCT171583 | C93: ='Bon de commande'!E108 -> Setty USB - USB-C cable 3 m 2A KSA-C-321 black | D93: ='Bon de commande'!E108 -> Setty USB - USB-C cable 3 m 2A KSA-C-321 black | E93: ='Bon de commande'!C108 -> 5900495094254 | F93: 1 | G93: 1 | H93: P | I93: 1 | J93: ='Bon de commande'!F108 -> 0.04 | K93: ='Bon de commande'!G108+'Bon de commande'!F108 -> 4.24 | M93: ='Bon de commande'!G108+'Bon de commande'!F108 -> 4.24 | N93: 20 | O93: ='Bon de commande'!H108 -> 9.99 | Q93: A | R93: B | S93: C | T93: D
A94: ='Bon de commande'!D109 -> 0 | B94: ='Bon de commande'!B109 -> SCT187252 | C94: ='Bon de commande'!E109 -> Setty cable USB - USB-C 1,5 m 3A KGA-C-1.5320 mint-white gradient | D94: ='Bon de commande'!E109 -> Setty cable USB - USB-C 1,5 m 3A KGA-C-1.5320 mint-white gradient | E94: ='Bon de commande'!C109 -> 5900495757005 | F94: 1 | G94: 1 | H94: P | I94: 1 | J94: ='Bon de commande'!F109 -> 0.04 | K94: ='Bon de commande'!G109+'Bon de commande'!F109 -> 2.24 | M94: ='Bon de commande'!G109+'Bon de commande'!F109 -> 2.24 | N94: 20 | O94: ='Bon de commande'!H109 -> 6.98 | Q94: 60 | R94: 62 | S94: 6230 | T94: 1
A95: ='Bon de commande'!D110 -> 0 | B95: ='Bon de commande'!B110 -> SCT187253 | C95: ='Bon de commande'!E110 -> Setty cable USB - USB-C 1,5 m 3A KGA-C-1.5320 turquoise-pink gradient | D95: ='Bon de commande'!E110 -> Setty cable USB - USB-C 1,5 m 3A KGA-C-1.5320 turquoise-pink gradient | E95: ='Bon de commande'!C110 -> 5900495757012 | F95: 1 | G95: 1 | H95: P | I95: 1 | J95: ='Bon de commande'!F110 -> 0.04 | K95: ='Bon de commande'!G110+'Bon de commande'!F110 -> 2.38 | M95: ='Bon de commande'!G110+'Bon de commande'!F110 -> 2.38 | N95: 20 | O95: ='Bon de commande'!H110 -> 6.98 | Q95: 60 | R95: 62 | S95: 6230 | T95: 1
A96: ='Bon de commande'!D111 -> 0 | B96: ='Bon de commande'!B111 -> SCT187254 | C96: ='Bon de commande'!E111 -> Setty cable USB-C - USB-C 1,5 m 3A KGC-C-1.5320 white-pink gradient | D96: ='Bon de commande'!E111 -> Setty cable USB-C - USB-C 1,5 m 3A KGC-C-1.5320 white-pink gradient | E96: ='Bon de commande'!C111 -> 5900495757036 | F96: 1 | G96: 1 | H96: P | I96: 1 | J96: ='Bon de commande'!F111 -> 0.04 | K96: ='Bon de commande'!G111+'Bon de commande'!F111 -> 2.48 | M96: ='Bon de commande'!G111+'Bon de commande'!F111 -> 2.48 | N96: 20 | O96: ='Bon de commande'!H111 -> 6.98 | Q96: 60 | R96: 62 | S96: 6230 | T96: 1
A97: ='Bon de commande'!D112 -> 0 | B97: ='Bon de commande'!B112 -> SCT187255 | C97: ='Bon de commande'!E112 -> Setty cable USB-C - USB-C 1,5 m 3A KGC-C-1.5320 mint-white gradient | D97: ='Bon de commande'!E112 -> Setty cable USB-C - USB-C 1,5 m 3A KGC-C-1.5320 mint-white gradient | E97: ='Bon de commande'!C112 -> 5900495757043 | F97: 1 | G97: 1 | H97: P | I97: 1 | J97: ='Bon de commande'!F112 -> 0.04 | K97: ='Bon de commande'!G112+'Bon de commande'!F112 -> 2.48 | M97: ='Bon de commande'!G112+'Bon de commande'!F112 -> 2.48 | N97: 20 | O97: ='Bon de commande'!H112 -> 6.98 | Q97: A | R97: B | S97: C | T97: D
A98: ='Bon de commande'!D113 -> 0 | B98: ='Bon de commande'!B113 -> SCT187256 | C98: ='Bon de commande'!E113 -> Setty cable USB-C - USB-C 1,5 m 3A KGC-C-1.5320 turquoise-pink gradient | D98: ='Bon de commande'!E113 -> Setty cable USB-C - USB-C 1,5 m 3A KGC-C-1.5320 turquoise-pink gradient | E98: ='Bon de commande'!C113 -> 5900495757074 | F98: 1 | G98: 1 | H98: P | I98: 1 | J98: ='Bon de commande'!F113 -> 0.04 | K98: ='Bon de commande'!G113+'Bon de commande'!F113 -> 2.48 | M98: ='Bon de commande'!G113+'Bon de commande'!F113 -> 2.48 | N98: 20 | O98: ='Bon de commande'!H113 -> 6.98 | Q98: 60 | R98: 62 | S98: 6230 | T98: 1
A99: ='Bon de commande'!D114 -> 0 | B99: ='Bon de commande'!B114 -> SCT187259 | C99: ='Bon de commande'!E114 -> Setty cable USB-C - USB-C 1,5 m 20W KNC-C-1.52000 white | D99: ='Bon de commande'!E114 -> Setty cable USB-C - USB-C 1,5 m 20W KNC-C-1.52000 white | E99: ='Bon de commande'!C114 -> 5900495759016 | F99: 1 | G99: 1 | H99: P | I99: 1 | J99: ='Bon de commande'!F114 -> 0.04 | K99: ='Bon de commande'!G114+'Bon de commande'!F114 -> 2.32 | M99: ='Bon de commande'!G114+'Bon de commande'!F114 -> 2.32 | N99: 20 | O99: ='Bon de commande'!H114 -> 6.9 | Q99: 60 | R99: 62 | S99: 6230 | T99: 1
A100: ='Bon de commande'!D115 -> 0 | B100: ='Bon de commande'!B115 -> SE022087 | C100: ='Bon de commande'!E115 -> Setty wired earphones black | D100: ='Bon de commande'!E115 -> Setty wired earphones black | E100: ='Bon de commande'!C115 -> 5900495487094 | F100: 1 | G100: 1 | H100: P | I100: 1 | J100: ='Bon de commande'!F115 -> 0.04 | K100: ='Bon de commande'!G115+'Bon de commande'!F115 -> 2.04 | M100: ='Bon de commande'!G115+'Bon de commande'!F115 -> 2.04 | N100: 20 | O100: ='Bon de commande'!H115 -> 4.99 | Q100: 60 | R100: 62 | S100: 6230 | T100: 1
...

Sheet ulis
A1: fichier | B1: Fournisseur | C1: Famille | D1: EAN | E1: Référence Fournisseur | F1: Libellé Etiquette | G1: Libellé Caisse | H1: Prix d'achat brut | I1: Prix de vente | J1: Marge | K1: Groupe Tarifaire | L1: Code TVA | M1: Type Produit | N1: Unité Mesure | O1: Unité Stock | P1: Unité Prix | Q1: Mesure nette | R1: Cdt | S1: Taxe D3E | T1: Code Nomenclature SU | U1: Ingrédient | V1: PLU | W1: Pesée en caisse | X1: Type Saisie Balance | Y1: Nombre unité par UC | Z1: Prix de revient | AA1: Désignation nomenclature douanière magasin | AB1: Hauteur UL | AC1: Profondeur UL | AD1: Largeur UL | AE1: Poids brut UL | AF1: Poids net UL | AG1: Canal de vente | AH1: Dénomination légale de vente | AI1: Conditions particulières de conservation et/ou d'utilisation | AJ1: Mode d'emploi | AK1: Informations supplémentaires | AL1: Origine | AM1: Vals. Nut. pour 100g/100ml | AN1: Vals. Nut. Portion | AO1: Composition
A2: ='Bon de commande'!D17 -> 0 | B2: actycom | D2: ='Bon de commande'!C17 -> 6953156205536 | E2: ='Bon de commande'!B17 -> BC3IN1010683 | F2: ='Bon de commande'!E17 -> Baseus cable 3in1 Superior USB - Lightning + USB-C + microUSB 1,5 m 3,5A white | G2: ='Bon de commande'!E17 -> Baseus cable 3in1 Superior USB - Lightning + USB-C + microUSB 1,5 m 3,5A white | H2: ='Bon de commande'!G17+'Bon de commande'!F17 -> 5.03 | I2: ='Bon de commande'!H17 -> 9.99 | L2: 0.2
A3: ='Bon de commande'!D18 -> 0 | B3: actycom | D3: ='Bon de commande'!C18 -> 6932172679606 | E3: ='Bon de commande'!B18 -> BC3IN1014386 | F3: ='Bon de commande'!E18 -> Baseus Ultra-Fast One-for-Three Fast Charging Cable USB-A to M+L+C 3.5A 1.3m Nebula Purple | G3: ='Bon de commande'!E18 -> Baseus Ultra-Fast One-for-Three Fast Charging Cable USB-A to M+L+C 3.5A 1.3m Nebula Purple | H3: ='Bon de commande'!G18+'Bon de commande'!F18 -> 5.03 | I3: ='Bon de commande'!H18 -> 9.99 | L3: 0.2
A4: ='Bon de commande'!D19 -> 0 | B4: actycom | D4: ='Bon de commande'!C19 -> 6932172679590 | E4: ='Bon de commande'!B19 -> BC3IN1014387 | F4: ='Bon de commande'!E19 -> Baseus Ultra-Fast One-for-Three Fast Charging Cable USB-A to M+L+C 3.5A 0.8m Cosmic Black | G4: ='Bon de commande'!E19 -> Baseus Ultra-Fast One-for-Three Fast Charging Cable USB-A to M+L+C 3.5A 0.8m Cosmic Black | H4: ='Bon de commande'!G19+'Bon de commande'!F19 -> 7.46 | I4: ='Bon de commande'!H19 -> 8.9 | L4: 0.2
A5: ='Bon de commande'!D20 -> 0 | B5: actycom | D5: ='Bon de commande'!C20 -> 6953156262553 | E5: ='Bon de commande'!B20 -> BCA007144 | F5: ='Bon de commande'!E20 -> Baseus cable audio Yiven M01 USB-C - jack 3,5 mm 1,2 m black | G5: ='Bon de commande'!E20 -> Baseus cable audio Yiven M01 USB-C - jack 3,5 mm 1,2 m black | H5: ='Bon de commande'!G20+'Bon de commande'!F20 -> 5.03 | I5: ='Bon de commande'!H20 -> 9.99 | L5: 0.2
A6: ='Bon de commande'!D21 -> 0 | B6: actycom | D6: ='Bon de commande'!C21 -> 6953156257184 | E6: ='Bon de commande'!B21 -> BCA008301 | F6: ='Bon de commande'!E21 -> Baseus cable audio Yiven M30 jack 3,5 mm - jack 3,5 mm 1,0 m silver-black | G6: ='Bon de commande'!E21 -> Baseus cable audio Yiven M30 jack 3,5 mm - jack 3,5 mm 1,0 m silver-black | H6: ='Bon de commande'!G21+'Bon de commande'!F21 -> 4.03 | I6: ='Bon de commande'!H21 -> 7.99 | L6: 0.2
A7: ='Bon de commande'!D22 -> 0 | B7: actycom | D7: ='Bon de commande'!C22 -> 6953156253667 | E7: ='Bon de commande'!B22 -> BCL006801 | F7: ='Bon de commande'!E22 -> Baseus cable Yiven USB - Lightning 1,8 m 2A black | G7: ='Bon de commande'!E22 -> Baseus cable Yiven USB - Lightning 1,8 m 2A black | H7: ='Bon de commande'!G22+'Bon de commande'!F22 -> 4.03 | I7: ='Bon de commande'!H22 -> 7.99 | L7: 0.2
A8: ='Bon de commande'!D23 -> 0 | B8: actycom | D8: ='Bon de commande'!C23 -> 6953156248823 | E8: ='Bon de commande'!B23 -> BCL006957 | F8: ='Bon de commande'!E23 -> Baseus cable Yiven USB - Lightning 1,2 m 2A navy blue | G8: ='Bon de commande'!E23 -> Baseus cable Yiven USB - Lightning 1,2 m 2A navy blue | H8: ='Bon de commande'!G23+'Bon de commande'!F23 -> 4.03 | I8: ='Bon de commande'!H23 -> 7.99 | L8: 0.2
A9: ='Bon de commande'!D24 -> 0 | B9: actycom | D9: ='Bon de commande'!C24 -> 6953156205413 | E9: ='Bon de commande'!B24 -> BCL010678 | F9: ='Bon de commande'!E24 -> Baseus cable Superior USB - Lightning 1,0 m 2,4A white | G9: ='Bon de commande'!E24 -> Baseus cable Superior USB - Lightning 1,0 m 2,4A white | H9: ='Bon de commande'!G24+'Bon de commande'!F24 -> 3.53 | I9: ='Bon de commande'!H24 -> 6.99 | L9: 0.2
A10: ='Bon de commande'!D25 -> 0 | B10: actycom | D10: ='Bon de commande'!C25 -> 6953156205444 | E10: ='Bon de commande'!B25 -> BCL010679 | F10: ='Bon de commande'!E25 -> Baseus cable Superior USB - Lightning 1,5 m 2,4A white | G10: ='Bon de commande'!E25 -> Baseus cable Superior USB - Lightning 1,5 m 2,4A white | H10: ='Bon de commande'!G25+'Bon de commande'!F25 -> 4.03 | I10: ='Bon de commande'!H25 -> 7.99 | L10: 0.2
A11: ='Bon de commande'!D26 -> 0 | B11: actycom | D11: ='Bon de commande'!C26 -> 6953156205406 | E11: ='Bon de commande'!B26 -> BCL011942 | F11: ='Bon de commande'!E26 -> Baseus cable Superior USB - Lightning 1,0 m 2,4A black | G11: ='Bon de commande'!E26 -> Baseus cable Superior USB - Lightning 1,0 m 2,4A black | H11: ='Bon de commande'!G26+'Bon de commande'!F26 -> 3.53 | I11: ='Bon de commande'!H26 -> 6.99 | L11: 0.2
A12: ='Bon de commande'!D27 -> 0 | B12: actycom | D12: ='Bon de commande'!C27 -> 6953156205437 | E12: ='Bon de commande'!B27 -> BCL011943 | F12: ='Bon de commande'!E27 -> Baseus cable Superior USB - Lightning 1,0 m 2,4A red | G12: ='Bon de commande'!E27 -> Baseus cable Superior USB - Lightning 1,0 m 2,4A red | H12: ='Bon de commande'!G27+'Bon de commande'!F27 -> 3.53 | I12: ='Bon de commande'!H27 -> 6.99 | L12: 0.2
A13: ='Bon de commande'!D28 -> 0 | B13: actycom | D13: ='Bon de commande'!C28 -> 6953156205420 | E13: ='Bon de commande'!B28 -> BCL011944 | F13: ='Bon de commande'!E28 -> Baseus cable Superior USB - Lightning 1,0 m 2,4A blue | G13: ='Bon de commande'!E28 -> Baseus cable Superior USB - Lightning 1,0 m 2,4A blue | H13: ='Bon de commande'!G28+'Bon de commande'!F28 -> 3.53 | I13: ='Bon de commande'!H28 -> 6.99 | L13: 0.2
... A180: ='Bon de commande'!D195 -> 0 | B180: actycom | D180: ='Bon de commande'!C195 -> 6920680858545 | E180: ='Bon de commande'!B195 -> XT184874 | F180: ='Bon de commande'!E195 -> XO transmitter FM BCC17 Bluetooth MP3 car charger 30W black | G180: ='Bon de commande'!E195 -> XO transmitter FM BCC17 Bluetooth MP3 car charger 30W black | H180: ='Bon de commande'!G195+'Bon de commande'!F195 -> 5.49 | I180: ='Bon de commande'!H195 -> 16.99 | L180: 0.2

Sheet carrefour
A1: fichier | B1: Type Action | C1: Identité article | N1: Commandabilité | V1: Tarification | Y1: Anomalies
A2: ='Bon de commande'!D17 -> 0 | C2: ='Bon de commande'!C17 -> 6953156205536 | D2: ='Bon de commande'!E17 -> Baseus cable 3in1 Superior USB - Lightning + USB-C + microUSB 1,5 m 3,5A white | E2: ='Bon de commande'!E17 -> Baseus cable 3in1 Superior USB - Lightning + USB-C + microUSB 1,5 m 3,5A white | V2: 20,00 - 3 | W2: ='Bon de commande'!G17+'Bon de commande'!F17 -> 5.03 | X2: ='Bon de commande'!H17 -> 9.99
A3: ='Bon de commande'!D18 -> 0 | C3: ='Bon de commande'!C18 -> 6932172679606 | D3: ='Bon de commande'!E18 -> Baseus Ultra-Fast One-for-Three Fast Charging Cable USB-A to M+L+C 3.5A 1.3m Nebula Purple | E3: ='Bon de commande'!E18 -> Baseus Ultra-Fast One-for-Three Fast Charging Cable USB-A to M+L+C 3.5A 1.3m Nebula Purple | V3: 20,00 - 3 | W3: ='Bon de commande'!G18+'Bon de commande'!F18 -> 5.03 | X3: ='Bon de commande'!H18 -> 9.99
A4: ='Bon de commande'!D19 -> 0 | C4: ='Bon de commande'!C19 -> 6932172679590 | D4: ='Bon de commande'!E19 -> Baseus Ultra-Fast One-for-Three Fast Charging Cable USB-A to M+L+C 3.5A 0.8m Cosmic Black | E4: ='Bon de commande'!E19 -> Baseus Ultra-Fast One-for-Three Fast Charging Cable USB-A to M+L+C 3.5A 0.8m Cosmic Black | V4: 20,00 - 3 | W4: ='Bon de commande'!G19+'Bon de commande'!F19 -> 7.46 | X4: ='Bon de commande'!H19 -> 8.9
A5: ='Bon de commande'!D20 -> 0 | C5: ='Bon de commande'!C20 -> 6953156262553 | D5: ='Bon de commande'!E20 -> Baseus cable audio Yiven M01 USB-C - jack 3,5 mm 1,2 m black | E5: ='Bon de commande'!E20 -> Baseus cable audio Yiven M01 USB-C - jack 3,5 mm 1,2 m black | V5: 20,00 - 3 | W5: ='Bon de commande'!G20+'Bon de commande'!F20 -> 5.03 | X5: ='Bon de commande'!H20 -> 9.99
A6: ='Bon de commande'!D21 -> 0 | C6: ='Bon de commande'!C21 -> 6953156257184 | D6: ='Bon de commande'!E21 -> Baseus cable audio Yiven M30 jack 3,5 mm - jack 3,5 mm 1,0 m silver-black | E6: ='Bon de commande'!E21 -> Baseus cable audio Yiven M30 jack 3,5 mm - jack 3,5 mm 1,0 m silver-black | V6: 20,00 - 3 | W6: ='Bon de commande'!G21+'Bon de commande'!F21 -> 4.03 | X6: ='Bon de commande'!H21 -> 7.99
A7: ='Bon de commande'!D22 -> 0 | C7: ='Bon de commande'!C22 -> 6953156253667 | D7: ='Bon de commande'!E22 -> Baseus cable Yiven USB - Lightning 1,8 m 2A black | E7: ='Bon de commande'!E22 -> Baseus cable Yiven USB - Lightning 1,8 m 2A black | V7: 20,00 - 3 | W7: ='Bon de commande'!G22+'Bon de commande'!F22 -> 4.03 | X7: ='Bon de commande'!H22 -> 7.99
A8: ='Bon de commande'!D23 -> 0 | C8: ='Bon de commande'!C23 -> 6953156248823 | D8: ='Bon de commande'!E23 -> Baseus cable Yiven USB - Lightning 1,2 m 2A navy blue | E8: ='Bon de commande'!E23 -> Baseus cable Yiven USB - Lightning 1,2 m 2A navy blue | V8: 20,00 - 3 | W8: ='Bon de commande'!G23+'Bon de commande'!F23 -> 4.03 | X8: ='Bon de commande'!H23 -> 7.99
A9: ='Bon de commande'!D24 -> 0 | C9: ='Bon de commande'!C24 -> 6953156205413 | D9: ='Bon de commande'!E24 -> Baseus cable Superior USB - Lightning 1,0 m 2,4A white | E9: ='Bon de commande'!E24 -> Baseus cable Superior USB - Lightning 1,0 m 2,4A white | V9: 20,00 - 3 | W9: ='Bon de commande'!G24+'Bon de commande'!F24 -> 3.53 | X9: ='Bon de commande'!H24 -> 6.99
A10: ='Bon de commande'!D25 -> 0 | C10: ='Bon de commande'!C25 -> 6953156205444 | D10: ='Bon de commande'!E25 -> Baseus cable Superior USB - Lightning 1,5 m 2,4A white | E10: ='Bon de commande'!E25 -> Baseus cable Superior USB - Lightning 1,5 m 2,4A white | V10: 20,00 - 3 | W10: ='Bon de commande'!G25+'Bon de commande'!F25 -> 4.03 | X10: ='Bon de commande'!H25 -> 7.99
A11: ='Bon de commande'!D26 -> 0 | C11: ='Bon de commande'!C26 -> 6953156205406 | D11: ='Bon de commande'!E26 -> Baseus cable Superior USB - Lightning 1,0 m 2,4A black | E11: ='Bon de commande'!E26 -> Baseus cable Superior USB - Lightning 1,0 m 2,4A black | V11: 20,00 - 3 | W11: ='Bon de commande'!G26+'Bon de commande'!F26 -> 3.53 | X11: ='Bon de commande'!H26 -> 6.99
A12: ='Bon de commande'!D27 -> 0 | C12: ='Bon de commande'!C27 -> 6953156205437 | D12: ='Bon de commande'!E27 -> Baseus cable Superior USB - Lightning 1,0 m 2,4A red | E12: ='Bon de commande'!E27 -> Baseus cable Superior USB - Lightning 1,0 m 2,4A red | V12: 20,00 - 3 | W12: ='Bon de commande'!G27+'Bon de commande'!F27 -> 3.53 | X12: ='Bon de commande'!H27 -> 6.99
A13: ='Bon de commande'!D28 -> 0 | C13: ='Bon de commande'!C28 -> 6953156205420 | D13: ='Bon de commande'!E28 -> Baseus cable Superior USB - Lightning 1,0 m 2,4A blue | E13: ='Bon de commande'!E28 -> Baseus cable Superior USB - Lightning 1,0 m 2,4A blue | V13: 20,00 - 3 | W13: ='Bon de commande'!G28+'Bon de commande'!F28 -> 3.53 | X13: ='Bon de commande'!H28 -> 6.99
... A180: ='Bon de commande'!D195 -> 0 | C180: ='Bon de commande'!C195 -> 6920680858545 | D180: ='Bon de commande'!E195 -> XO transmitter FM BCC17 Bluetooth MP3 car charger 30W black | E180: ='Bon de commande'!E195 -> XO transmitter FM BCC17 Bluetooth MP3 car charger 30W black | V180: 20,00 - 3 | W180: ='Bon de commande'!G195+'Bon de commande'!F195 -> 5.49 | X180: ='Bon de commande'!H195 -> 16.99
